Cogmind - Beta 17.1 @@@ ROGUE MODE // 2026.09.24 @ 02:54:15 Player: Boxplot Result: Destroyed by Architect with Modified Sigix Sheargun Performance ------------- Evolutions (9) 4500 Regions Visited (34) 6800 Robots Destroyed (441) 2205 Value Destroyed (25687) 25687 Prototype IDs (382) 7640 Alien Tech Used (17) 3400 Bonus (40704) 40704 TOTAL SCORE: 90936 Bonus ------- High Alert Combat Kills 1662 Follower Combat Kills 2036 Hunted by Unchained 1000 Network Hubs Disabled 400 Met Zhirov 300 Met Warlord at Base 500 MAIN.C Attacked Warlord 500 Warlord Defense Kills 2082 Built Enhanced Grunts 300 Met R17 at Cetus 500 Used Core Reset Matrix 3000 Met R17 at Research 2000 Met Warlord at Research 2000 Invited to Help at Command 2000 Destroyed MAIN.C Guards 500 Met MAIN.C 5000 Destroyed MAIN.C Shell 5000 Destroyed MAIN.C 10000 Met Architect 300 Destroyed A8 300 Destroyed A6 400 Destroyed A5 500 Destroyed A4 700 Destroyed A2 1000 Friendly Fire -1276 Cogmind --------- Core Integrity 0/1850 Matter 200/300 Energy 85/100 System Corruption 0% +Membrane Temperature Cool (0) +ITN Movement Core (200) Ox3 Location -1/Access_0 Parts ------- > --- POWER (2) -------- (None) > --- PROPULSION (6) --- (None) > --- UTILITY (15) ----- Experimental Terrain Scan Processor Experimental Core Analyzer Improved Armor Integrity Analyzer Spacefold Activator > --- WEAPON (2) ------- Neutron Cannon > --- INVENTORY (7) ---- Zero-point Reactor Zero-point Reactor Experimental Power Amplifier Quantum Capacitor AEGIS Remote Shield Peak State ------------ > --- POWER ------------ Vortex Chain Reactor > --- PROPULSION ------- Experimental Biometal Heavy Treads Experimental Biometal Heavy Treads Experimental Biometal Heavy Treads > --- UTILITY ---------- Experimental Coolant Injector Huge Storage Unit Experimental Energy Well Experimental Energy Well Experimental Terrain Scan Processor Weapon Mount Experimental Core Analyzer Improved Armor Integrity Analyzer Quantum Capacitor Heavy Regenerative Plating Graphene Brace Experimental EM Shield AEGIS Remote Shield > --- WEAPON ----------- Sigix Shearcannon > --- INVENTORY -------- Micro Antimatter Reactor Zero-point Reactor Experimental Coolant Injector Experimental Energy Well Experimental Energy Well Experimental Energy Well Experimental Terrain Scanner Precision Energy Filter Precision Energy Filter Advanced Particle Charger Experimental Weapon Shielding Experimental Focal Shield Thermal Barrier Improved Shock Absorption System AEGIS Remote Shield Transdimensional Reconstructor Integrity Redistributor Subatomic Replicator Spacefold Activator Cooled Proton Cannon Enhanced Nova Cannon Enhanced Nova Cannon Potential Cannon Omega Cannon Gamma Bomb Array [Rating: 249] Favorites ----------- Power Vortex Chain Reactor Engine Light Angular Momentum Engine Power Core Cooled Fission Core Reactor Vortex Chain Reactor Propulsion Experimental Biometal Heavy Treads Treads Experimental Biometal Heavy Treads Leg Enhanced Armored Leg Wheel Armored Huge Wheel Hover Unit Gravmag Array Flight Unit Cooled Impulse Thruster Utility Improved Hacking Suite Device Quantum Capacitor Storage Huge Storage Unit Processor Advanced Signal Interpreter Hackware Improved Hacking Suite Protection Heavy Regenerative Plating Artifact Spacefold Activator Weapon Cooled Proton Cannon Energy Gun Improved Spread Laser Energy Cannon Cooled Proton Cannon Ballistic Gun Advanced KE Penetrator Ballistic Cannon Compact Linear Accelerator Launcher Long-range Missile Launcher Special Weapon Advanced Remote Datajack Impact Weapon Core Stripper Slashing Weapon Particle Cleaver Special Melee Weapon Improved Datajack Build | -11 -10 -10 -8 -8 -8 -6 -6 -6 -6 -6 -6 -6 -5 -5 -5 -5 -5 -5 -4 -4 -4 -4 -4 -4 -4 -3 -3 -3 -3 -2 -2 -1 -1 -1 ------- Run | Yrd Mat Sub Mat Sto Rec Fac Was Fac Ext Cet Arc Hub Fac Was Fac Upp Upp War Pro Fac Was Fac Upp Upp Zhi Pro Res Qua Sec Res Tes Acc Com Ac0 Slots Evolved 18 | . . . 4 . . 4 . . . . . . 2 . . . . . . 2 . . . . . . 2 . . 2 . 2 . . Power 1 | . . . . . . . . . . . . . . . . . . . . . . . . . . . 1 . . . . . . . Propulsion 4 | . . . 2 . . 1 . . . . . . 1 . . . . . . . . . . . . . . . . . . . . . Utility 13 | . . . 2 . . 3 . . . . . . 1 . . . . . . 2 . . . . . . . . . 3 . 2 . . Weapon . | . . . . . . . . . . . . . . . . . . . . . . . . . . . 1 . . -1 . . . . Parts Attached 329 | 6 2 7 56 12 7 23 4 5 2 6 6 9 14 . 5 2 . 16 2 12 1 8 2 . 5 2 18 19 22 6 4 9 29 8 Power 25 | 1 . 2 5 3 . 2 1 1 . 1 1 . 2 . . . . . . . . . . . 1 . 2 . 1 . . . 2 . Engine 13 | 1 . 2 4 2 . 2 . . . . 1 . 1 . . . . . . . . . . . . . . . . . . . . . Core 4 | . . . 1 . . . 1 1 . . . . 1 . . . . . . . . . . . . . . . . . . . . . Reactor 8 | . . . . 1 . . . . . 1 . . . . . . . . . . . . . . 1 . 2 . 1 . . . 2 . Propulsion 74 | 2 . 2 21 1 2 6 1 2 . 1 . 2 5 . 1 . . 8 . 1 1 . . . . . 7 4 2 . . 1 3 1 Treads 25 | 1 . . 13 . . . . . . 1 . . . . . . . . . . . . . . . . . 3 2 . . 1 3 1 Leg 10 | . . . . . . . . . . . . 2 . . . . . 1 . . . . . . . . 6 1 . . . . . . Wheel 13 | 1 . 2 7 1 2 . . . . . . . . . . . . . . . . . . . . . . . . . . . . . Hover 25 | . . . 1 . . 6 1 2 . . . . 5 . 1 . . 6 . 1 1 . . . . . 1 . . . . . . . Flight 1 | . . . . . . . . . . . . . . . . . . 1 . . . . . . . . . . . . . . . . Utility 143 | 1 2 1 14 1 2 9 1 1 2 3 3 6 5 . 4 1 . 5 1 10 . 7 1 . 3 2 3 9 12 5 2 4 19 4 Device 72 | . . 1 7 1 1 2 . . 2 . 2 2 1 . 3 . . 5 1 3 . 2 1 . . 2 2 7 8 1 1 2 13 2 Storage 16 | 1 2 . . . . . 1 . . . . . 1 . . 1 . . . . . . . . 2 . 1 . . 1 1 1 4 . Processor 15 | . . . 1 . . 3 . . . . . . 2 . . . . . . . . 3 . . . . . 1 2 2 . . 1 . Hackware 17 | . . . . . 1 1 . 1 . . 1 3 1 . 1 . . . . 6 . 2 . . . . . . . . . . . . Protection 21 | . . . 6 . . 3 . . . 3 . 1 . . . . . . . 1 . . . . 1 . . 1 1 1 . . 1 2 Artifact 2 | . . . . . . . . . . . . . . . . . . . . . . . . . . . . . 1 . . 1 . . Weapon 87 | 2 . 2 16 7 3 6 1 1 . 1 2 1 2 . . 1 . 3 1 1 . 1 1 . 1 . 6 6 7 1 2 4 5 3 Energy Gun 19 | . . . 9 3 2 . . . . . 1 . . . . . . . . . . . 1 . . . . 1 . . 2 . . . Energy Cannon 26 | . . . . 1 . . . . . . . 1 1 . . 1 . 2 . . . 1 . . . . 4 1 5 . . 4 3 2 Ballistic Gun 18 | 2 . 1 7 1 . 4 . . . 1 1 . . . . . . . . . . . . . . . . . . . . . 1 . Ballistic Cannon 7 | . . 1 . . . 1 . . . . . . . . . . . . 1 1 . . . . . . . . 2 . . . . 1 Launcher 8 | . . . . 2 1 . 1 1 . . . . . . . . . 1 . . . . . . . . . 2 . . . . . . Special Weapon 4 | . . . . . . 1 . . . . . . . . . . . . . . . . . . . . 1 1 . . . . 1 . Impact Weapon 1 | . . . . . . . . . . . . . . . . . . . . . . . . . . . . 1 . . . . . . Slashing Weapon 1 | . . . . . . . . . . . . . . . . . . . . . . . . . . . . . . 1 . . . . Piercing Weapon . | . . . . . . . . . . . . . . . . . . . . . . . . . . . . . . . . . . . Special Melee Weapon 3 | . . . . . . . . . . . . . 1 . . . . . . . . . . . 1 . 1 . . . . . . . Unidentified Prototypes 59 | . . . 5 7 . 2 2 . . 3 1 5 1 . . . . 8 1 . 1 . . . 5 . . 5 7 . 4 . 2 . Corrupted Parts 3 | . . . . . 1 . . . . . 1 . . . . . . . 1 . . . . . . . . . . . . . . . System Corruption 7 | . . . . . 1 . . . . . 1 . . . . . . . 5 . . . . . . . . . . . . . . . Parts Lost 37 | . . 3 9 . . . 1 . . . . 2 . . . 2 . . . 1 . 1 . . . . . . 2 . . . 2 14 Power 3 | . . 1 1 . . . . . . . . . . . . . . . . . . . . . . . . . . . . . . 1 Propulsion 10 | . . 2 4 . . . 1 . . . . . . . . . . . . . . . . . . . . . . . . . . 3 Utility 17 | . . . 2 . . . . . . . . 1 . . . 2 . . . 1 . 1 . . . . . . 1 . . . 2 7 Weapon 7 | . . . 2 . . . . . . . . 1 . . . . . . . . . . . . . . . . 1 . . . . 3 Highest Loss Streak 13 | . . 2 3 . . . 1 . . . . 1 . . . 2 . . . 1 . 1 . . . . . . 1 . . . 1 13 To Critical Strikes . | . . . . . . . . . . . . . . . . . . . . . . . . . . . . . . . . . . . Average Backups 20 | 4 15 14 23 24 24 15 15 16 15 16 17 23 19 18 18 18 19 18 19 18 18 18 17 18 17 18 19 20 22 24 24 23 23 21 Power 1 | 1 3 1 1 1 1 1 1 1 1 2 2 2 1 1 1 1 1 1 2 1 2 2 2 2 1 1 . . . . . . 1 1 Propulsion 2 | 2 8 8 8 6 6 1 1 1 1 1 1 3 1 1 1 1 1 . 1 . . . . . . . 1 . 1 1 1 1 . . Utility 10 | . . 1 6 10 11 8 8 8 8 8 8 13 9 11 10 10 10 11 11 10 11 11 10 10 10 10 10 12 14 16 15 13 12 13 Weapon 5 | . 3 4 7 5 6 5 5 6 5 5 5 5 5 5 5 6 7 4 5 4 4 5 5 5 4 6 5 4 2 4 4 4 5 5 Tool/Special . | . . . . . . . . . . . . . . . . . . . . . . . . . . . . . . . . . . . Unused Backups 140 | . 4 8 20 5 . 11 1 2 2 1 3 2 4 . . . . 2 . 3 . 2 1 . 1 . 12 5 3 13 5 12 14 4 Power 15 | . . 3 2 1 . 1 . . 1 . . . 1 . . . . . . 1 . . . . . . . 1 . . . . 4 . Propulsion 24 | . 4 1 4 . . 3 . . . . 2 . . . . . . 1 . . . . . . . . 3 1 . 4 . 1 . . Utility 59 | . . . 2 1 . 5 . 1 1 . 1 . 1 . . . . . . 1 . 2 1 . 1 . 8 1 3 9 2 6 9 4 Weapon 41 | . . 4 12 3 . 2 1 1 . 1 . 2 2 . . . . 1 . 1 . . . . . . 1 2 . . 3 4 1 . Tool/Special 1 | . . . . . . . . . . . . . . . . . . . . . . . . . . . . . . . . 1 . . Average Slot Usage (%) 84 | . 99 97 97 80 80 88 85 73 82 79 85 72 87 85 82 84 84 86 100 99 100 99 100 100 92 100 93 86 74 72 73 75 75 73 Engine 1 | . 14 13 8 1 9 6 6 1 . . 1 6 1 . 1 . . . . . . . . . . . . . . . . . . . Core 1 | . . . . . . . . 4 6 6 4 . 3 4 4 5 5 5 5 4 5 4 5 5 5 . . . . . . . . . Reactor 2 | . . . . 7 . . . . . . . . . . . . . . . . . . . . . 5 6 4 4 4 4 4 4 4 Treads 6 | . 14 14 17 . . . . . . . . . . . . . . . . . . . . . . . . 3 14 13 13 12 11 11 Leg 2 | . . . . . . . . . . . . . . . . . . . . . . . . . . . 18 21 . . . . . . Wheel 2 | . 14 13 17 18 18 . . . . . . . . . . . . . . . . . . . . . . . . . . . . . Hover 10 | . . . . . . 21 19 20 20 19 20 20 22 23 23 25 26 26 36 31 31 30 31 31 31 31 8 . . . . . . . Device 18 | . . 12 12 9 14 7 6 6 6 . 5 6 4 4 3 7 10 8 10 9 10 12 22 25 25 25 22 22 23 25 26 31 31 32 Storage 5 | . 27 14 9 9 9 6 6 6 6 6 6 6 4 4 4 5 5 5 5 4 5 5 5 5 5 5 4 4 4 4 4 4 4 4 Processor 10 | . . . 5 9 9 12 13 13 13 13 13 11 5 9 9 10 10 10 10 5 5 9 15 15 15 15 14 14 12 13 13 12 11 12 Hackware 5 | . . . . . . 12 13 13 13 13 8 . 22 19 19 17 15 15 15 29 26 21 8 5 5 . . . . . . . . . Protection 3 | . . . 8 8 3 4 6 6 6 12 11 8 5 4 4 2 . . . . 5 2 . . . 5 2 . . 3 4 4 4 4 Energy Gun 2 | . . . 8 17 17 12 3 . 1 . . . . 1 . . . . . . . . . . . . . . . . . . . . Energy Cannon 4 | . . . . . . . . . . . . . 1 4 6 9 10 8 7 3 . 6 7 4 2 4 7 6 8 8 8 7 7 3 Ballistic Gun 3 | . 28 26 8 . . . 9 . 8 6 13 12 10 6 1 . . 1 3 1 5 2 1 5 . . . . . . . . . . Peak Build Rating 249 | 6 9 13 47 50 47 71 76 74 79 85 92 101 122 131 127 119 114 146 145 156 149 154 156 156 156 157 171 193 209 220 222 245 249 249 Average Rating 141 | 5 8 11 28 48 45 67 73 67 74 74 86 90 100 122 117 114 114 125 142 138 148 147 151 155 142 154 159 173 196 213 219 236 236 227 On Entrance 117 | . 6 9 13 46 45 47 71 66 67 77 85 92 85 121 124 117 116 114 143 145 147 149 154 156 156 151 156 167 191 192 219 221 235 236 Avg Prop Armor Cover (%) 11 | 12 11 11 15 . . 4 . . . . . . . . . . . 5 2 2 . . . . . . . . . . . . . . Naked Turns . | . . . . . . . . . . . . . . . . . . . . . . . . . . . . . . . . . . . Heaviest Build 202 | 12 107 91 112 112 102 97 64 64 71 72 112 147 74 88 79 76 73 92 81 79 77 84 82 81 81 81 146 167 191 182 180 192 202 198 Greatest Support 270 | 16 16 16 56 56 60 56 56 56 56 56 56 56 77 77 77 77 77 92 89 94 82 82 82 94 82 82 140 270 270 260 260 260 260 255 Greatest Overweight (x) 9 | . 6 9 6 1 2 2 1 1 1 1 1 2 1 1 1 . . 1 1 . . 1 . . . . 1 . . . . . . . Average Overweight (x) . | . 2 2 2 1 1 . . . . 1 1 1 . . . . . . . . . . . . . . . . . . . . . . Largest Inventory Capacity 27 | 8 25 25 25 25 25 25 20 20 20 20 25 25 25 20 20 20 20 20 20 20 20 20 20 20 20 20 25 25 27 27 27 27 27 27 Average Capacity 22 | 7 19 16 25 25 25 15 16 20 20 20 21 25 20 20 20 20 20 20 20 20 20 20 20 20 20 20 21 21 25 27 27 27 27 26 Most Carried 27 | 6 23 22 25 25 25 25 20 20 20 20 25 25 20 20 20 20 20 20 20 20 20 20 20 20 20 20 25 25 27 27 27 27 27 27 Average Carried 22 | 5 16 14 23 24 24 15 16 19 18 19 20 24 19 19 19 19 20 19 19 19 19 19 19 20 19 20 20 20 25 26 26 26 26 24 Final Capacity 27 | 8 25 25 25 25 25 15 20 20 20 20 25 25 20 20 20 20 20 20 20 20 20 20 20 20 20 20 20 25 27 27 27 27 27 7 Final Carried 27 | 6 23 16 25 25 25 15 20 20 20 20 25 21 19 20 20 20 20 20 20 18 20 19 20 20 20 20 20 25 27 27 27 27 27 6 Class Distribution -------------------- 19% | Alien-Mutant 9% | Mutant 9% | Alien-Skirmisher 7% | Hacker-Mutant 6% | Scavenger-Mutant 4% | Machinist-Skirmisher 4% | Hacker-Skirmisher 4% | Commander-Mutant 4% | Scavenger-Scout 3% | Commander-Skirmisher 3% | Wizard-Mutant Dominant Class ---------------- Mutant | -10/Materials Mutant | -10/Subcaves Scavenger-Mutant | -8/Materials Mutant | -8/Storage Mutant | -8/Recycling Scout | -6/Factory Scout | -6/Waste Hacker-Scout | -6/Factory Hacker-Skirmisher | -6/Extension Commander-Mutant | -6/Cetus Commander-Skirmisher | -6/Archives Commander-Mutant | -6/Hub_04(d) Hacker-Mutant | -5/Factory Hacker-Skirmisher | -5/Waste Hacker-Mutant | -5/Factory Hacker-Mutant | -5/Upper Caves Hacker-Mutant | -5/Upper Caves Hacker-Skirmisher | -5/Warlord Scavenger-Skirmisher | -4/Proximity Caves Wizard-Mutant | -4/Factory Wizard-Mutant | -4/Waste Hacker-Scout | -4/Factory Scavenger-Scout | -4/Upper Caves Scavenger-Scout | -4/Upper Caves Scavenger-Mutant | -4/Zhirov Scavenger-Scout | -3/Proximity Caves Machinist-Assassin | -3/Research Machinist-Skirmisher | -3/Quarantine Alien-Tank | -3/Section 7 Alien-Skirmisher | -2/Research Alien-Skirmisher | -2/Testing Alien-Skirmisher | -1/Access Alien-Mutant | -1/Command Alien-Mutant | -1/Access_0 Resources | -11 -10 -10 -8 -8 -8 -6 -6 -6 -6 -6 -6 -6 -5 -5 -5 -5 -5 -5 -4 -4 -4 -4 -4 -4 -4 -3 -3 -3 -3 -2 -2 -1 -1 -1 ----------- Run | Yrd Mat Sub Mat Sto Rec Fac Was Fac Ext Cet Arc Hub Fac Was Fac Upp Upp War Pro Fac Was Fac Upp Upp Zhi Pro Res Qua Sec Res Tes Acc Com Ac0 Matter Collected 13407 | 374 20 181 1269 238 130 462 688 85 1128 383 483 561 431 128 126 365 37 663 170 579 . 302 423 67 133 198 714 674 728 69 45 165 1118 270 Remotely . | . . . . . . . . . . . . . . . . . . . . . . . . . . . . . . . . . . . Salvage Created 28416 | 281 . 245 2248 1731 551 554 768 . 1157 357 369 1138 501 . 259 230 . 457 62 776 . 344 625 21 334 65 335 2006 2455 199 435 2891 5063 1959 Parts 1207 | 21 . 17 111 84 22 19 26 . 51 15 31 48 16 . 10 2 . 18 6 29 . 3 16 . 3 8 20 90 124 10 31 114 169 93 Haulers Intercepted 13 | . . . 5 6 . . . . . . . . . . . . . . . . . . 1 . . . 1 . . . . . . . Recyclers Shooed 18 | . . . 2 . 1 4 . . 1 . . . 3 . . . . . . 1 . 2 . . . . 1 1 1 . . 1 . . Parts Field Recycled . | . . . . . . . . . . . . . . . . . . . . . . . . . . . . . . . . . . . Retrieved Matter . | . . . . . . . . . . . . . . . . . . . . . . . . . . . . . . . . . . . Parts Self-Destructed 28 | . . . . . . . . . . . . . . . . 2 . . 8 . . . 10 . 1 7 . . . . . . . . Prevented 7 | . . . . . . . . . . . . . . . . 3 . . . . . . 4 . . . . . . . . . . . Parts Restored . | . . . . . . . . . . . . . . . . . . . . . . . . . . . . . . . . . . . Kills | -11 -10 -10 -8 -8 -8 -6 -6 -6 -6 -6 -6 -6 -5 -5 -5 -5 -5 -5 -4 -4 -4 -4 -4 -4 -4 -3 -3 -3 -3 -2 -2 -1 -1 -1 ------- Run | Yrd Mat Sub Mat Sto Rec Fac Was Fac Ext Cet Arc Hub Fac Was Fac Upp Upp War Pro Fac Was Fac Upp Upp Zhi Pro Res Qua Sec Res Tes Acc Com Ac0 Combat Hostiles Destroyed 316 | . . 5 34 24 9 6 1 . 14 4 . 13 2 . 2 4 . 18 6 7 . 1 7 4 . 4 2 22 26 2 6 33 32 28 Guns 108 | . . 5 32 22 9 2 1 . 14 4 . 10 2 . . . . 4 . 3 . . . . . . . . . . . . . . Cannons 95 | . . . . . . . . . . . . . . . 1 . . 1 . . . 1 1 . . . . 14 13 . 6 15 19 24 AOE 58 | . . . . . . 4 . . . . . 3 . . . 4 . 13 6 4 . . 4 4 . 4 1 . . . . 3 5 3 Classes Destroyed 26 | 3 . 1 10 1 1 1 1 . . . . . . . . 1 . 2 1 . . . . . . . 1 1 2 . . . . . Worker 13 | 2 . . 1 2 . . . . 1 . . 2 1 . . . . . . 1 . . . . . . . . . . . 3 . . Builder 9 | . . . 1 1 . 1 . . . . . 3 . . . . . . . 2 . . . . . . . . . . . 1 . . Tunneler 8 | 7 . . . . . 1 . . . . . . . . . . . . . . . . . . . . . . . . . . . . Hauler 13 | . . . 5 6 . . . . . . . . . . . . . . . . . . 1 . . . 1 . . . . . . . Recycler 28 | 1 . . 4 2 2 4 . . 2 . . 2 2 . . . . . . 2 . 2 . . . . . 1 1 . . . 3 . Minesweeper 1 | . . . . . . . . . . . . . . . . 1 . . . . . . . . . . . . . . . . . . Mechanic 1 | . . . . . . 1 . . . . . . . . . . . . . . . . . . . . . . . . . . . . Operator 15 | . . . 2 3 . . . . 1 . 8 . . . . . . . . . . . . . . . 1 . . . . . . . Drone 2 | . . . . . . . . . . . . . . . . . . . 2 . . . . . . . . . . . . . . . Watcher 33 | . . . 1 2 . 1 . . 2 1 . . 2 . 3 . . . . 5 . . . . . . 1 3 3 . 1 5 3 . Swarmer 36 | . . . 3 . . 4 . . 4 . . 3 . . . 2 . . 4 . . . . 4 . 4 . . . . . 3 5 . Grunt 96 | . . . 19 16 1 . . . 5 . . 6 . . 1 2 . 13 . 4 . . 6 . . . . 6 2 . . 11 4 . Brawler 3 | . . . 1 1 . . . . . . . . . . . . . . . . . . . . . . . . . . . . 1 . Duelist 4 | . . . 1 . . . . . . . . . . . . . . . . . . . . . . . . 2 . . . . 1 . Protector 2 | . . . . . . . . . . . . . . . . . . 2 . . . . . . . . . . . . . . . . Sentry 33 | . . . 9 6 3 1 . . 5 . . 1 . . 1 . . . . . . . . . . . 1 . 3 . . 1 2 . Demolisher 3 | . . . . . . . 1 . . . . . . . . . . 2 . . . . . . . . . . . . . . . . Hunter 18 | . . . . 1 . . . . . . . . . . . . . . . . . . . . . . . 2 2 . . 11 2 . Programmer 51 | . . . . . 2 1 . . . . . . 2 . . . . . . 3 . 1 . . . . 1 11 8 . 6 7 9 . Heavy 3 | . . . 1 . . . . . . . . . . . . . . . . . . . . . . . . . 1 . . . 1 . Behemoth 2 | . . . . . . . . . . . . . . . . . . . . . . . . . . . . . 1 . . . 1 . Cetus Guard 4 | . . . . . . . . . . 4 . . . . . . . . . . . . . . . . . . . . . . . . S7 Guard 3 | . . . . . . . . . . . . . . . . . . . . . . . . . . . . . 3 . . . . . M Guard 2 | . . . . . . . . . . . . . . . . . . . . . . . . . . . . . . . . . 2 . Enhanced Grunt 12 | . . . . . . . . . . . . 1 . . . . . . . . . . . . . . . . . . . . . 11 Enhanced Sentry 4 | . . . . . . . . . . . . . . . . . . . . . . . . . . . . . . . . . . 4 Enhanced Hunter 8 | . . . . . . . . . . . . . . . . . . . . . . . . . . . . . . . . . . 8 Lightning 3 | . . . . . . . . . . . . 3 . . . . . . . . . . . . . . . . . . . . . . Combat Programmer 2 | . . . . . . . . . . . . . . . . . . . . . . . . . . . . . . . . . 2 . Striker 4 | . . . . . . . . . . . . . . . . . . . . . . . . . . . . . 4 . . . . . Executioner 5 | . . . . . . . . . . . . . . . . . . 1 . . . . . . . . . . 2 2 . . . . Fortress 1 | . . . . . . . . . . . . . . . . . . . . . . . . . . . . 1 . . . . . . Subdweller 8 | . . 5 . . 3 . . . . . . . . . . . . . . . . . . . . . . . . . . . . . Packrat 3 | . . . . . . . . . . . . . . . . 3 . . . . . . . . . . . . . . . . . . Savage 2 | . . . . . . . . . . . . 1 . . . . . . . . . . 1 . . . . . . . . . . . Guerrilla 1 | . . . . . . . . . . . 1 . . . . . . . . . . . . . . . . . . . . . . . Revision 1 | . . . . . . . . . . . . . . . . . . . . . . . . . . . 1 . . . . . . . Best Kill Streak 17 | 4 . 3 9 7 3 4 1 . 3 4 7 7 3 . 1 3 . 5 4 9 . 1 4 4 . 4 1 9 5 2 3 17 6 3 Combat Bots Only 9 | . . 3 6 6 3 4 1 . 3 3 . 6 2 . 1 2 . 5 4 6 . 1 4 4 . 4 1 9 4 2 3 8 5 3 Max Kills in Single Turn 6 | 1 . 1 3 1 1 4 1 . 2 2 1 4 2 . 1 2 . 2 4 5 . 1 2 2 . 3 1 1 1 1 1 6 3 1 Gunslinging 1 | . . . 1 . . . . . 1 . . . . . . . . . . . . . . . . . . . . . . . . . Exploded 4 | . . . . . . 4 . . . . . 2 . . . 2 . 2 4 2 . . 2 2 . 3 1 . . . . 2 3 1 Melee . | . . . . . . . . . . . . . . . . . . . . . . . . . . . . . . . . . . . Uniques/NPCs Destroyed 7 | . . . . . . . . . . . . . . . . . . . . . . . . . . . . . . . . . 2 5 MAIN.C Shell (-1/Command) MAIN.C (-1/Command) A8 (-1/Access_0) A6 (-1/Access_0) A2 (-1/Access_0) A5 (-1/Access_0) A4 (-1/Access_0) Combat | -11 -10 -10 -8 -8 -8 -6 -6 -6 -6 -6 -6 -6 -5 -5 -5 -5 -5 -5 -4 -4 -4 -4 -4 -4 -4 -3 -3 -3 -3 -2 -2 -1 -1 -1 -------- Run | Yrd Mat Sub Mat Sto Rec Fac Was Fac Ext Cet Arc Hub Fac Was Fac Upp Upp War Pro Fac Was Fac Upp Upp Zhi Pro Res Qua Sec Res Tes Acc Com Ac0 Hostile Shots Fired 2220 | . . 23 180 88 26 45 5 1 29 3 . 110 23 . 14 2 . 21 . 66 . 18 . 10 . 1 6 114 166 10 55 189 254 761 Missed 669 | . . 6 46 25 11 18 . 1 13 1 . 18 12 . 4 . . 9 . 29 . 10 . 2 . 1 . 46 49 6 14 57 72 219 Intercepted 4 | . . . . . . . . . . . . . . . . . . . . . . . . . . . . . . . . . 4 . Hits 1551 | . . 17 134 63 15 27 5 . 16 2 . 92 11 . 10 2 . 12 . 37 . 8 . 8 . . 6 68 117 4 41 132 182 542 Melee 5 | . . . 3 . . . . . . . . . . . . . . . . . . . . . . . . 1 . . . . . 1 Projectile 1546 | . . 17 131 63 15 27 5 . 16 2 . 92 11 . 10 2 . 12 . 37 . 8 . 8 . . 6 67 117 4 41 132 182 541 AOE 4 | . . 4 . . . . . . . . . . . . . . . . . . . . . . . . . . . . . . . . Critical Strikes 88 | . . . 6 4 . . . . . . . 13 . . 1 . . . . 4 . . . . . . . 3 8 1 . 6 3 39 Actively Blocked 13 | . . . . . . . . . . . . . . . . . . . . . . . . . . . . . . . . . 3 10 Part Disruptions 4 | . . . . . . . . . . . . . . . . . . 1 . . . . . . . . . . . . . . 2 1 Damage Taken 20324 | . . 495 2419 917 262 232 239 . 258 24 . 1115 266 . 184 205 . 205 30 747 . 124 . 80 26 64 117 477 996 44 . 958 1734 8106 Core 2472 | . . 89 299 64 29 44 35 . 5 . . 39 . . 66 . . 26 15 105 . 19 . 20 . . . 28 74 . . 213 63 1239 Absorbed by Shields 8725 | . . . . 7 . . . . . 22 . . . . . . . 56 . . . . . . . . . 499 955 48 . 757 1143 5238 Reduced by Siege Mode 382 | . . . . . . . . . . . . . . . . . . . . . . . . . . . . . . . . . 36 346 Redirected to Shielding 567 | . . . . . . 18 . . . . . 7 11 . . 74 . . . . . . . . . . . . 20 . . . 67 370 Ignored by Resistances 11677 | . . . . 39 13 . . . . . . 2081 . . . . . . . . . 21 . 39 . . 35 638 1342 44 963 1346 2623 2493 Regen/Repaired (Parts) 3535 | . . . . 147 . . . . . . . . 236 88 . . . 116 . 95 . . . . . . . . 100 189 . 214 743 1607 Core Remaining (%) 79 | 100 . 64 . . 28 . . . . . . 85 . . . . . . 89 . . . . . . 87 . . 85 . 100 . . . Volleys Fired 2098 | 19 . 27 145 108 28 43 54 1 103 33 40 42 28 9 20 28 10 37 7 58 2 25 38 16 17 10 66 135 233 33 53 134 281 215 Largest 3 | 2 . 2 2 2 2 2 2 1 2 2 2 2 2 3 1 2 1 2 1 2 1 2 2 1 1 1 2 1 1 1 1 1 2 1 Hottest 240 | 40 . 44 121 130 150 150 150 49 150 66 70 84 90 205 90 171 90 240 81 93 58 120 120 120 81 120 194 94 180 40 40 200 200 200 Shots Fired 2772 | 38 . 47 283 201 52 73 108 1 174 52 75 76 43 15 20 35 12 43 7 65 2 26 40 18 17 10 70 138 232 33 53 134 364 215 Gun 1334 | 38 . 40 283 199 51 71 108 . 174 52 75 74 30 6 1 . . 12 . 9 . 1 1 1 . . . . . . . . 108 . Cannon 1373 | . . 7 . . . . . . . . . . 13 9 19 26 12 11 3 53 2 25 35 15 17 8 66 136 231 33 53 129 255 215 Launcher 61 | . . . . 2 1 1 . 1 . . . 2 . . . 9 . 20 4 3 . . 4 2 . 2 3 1 1 . . 5 . . Special 4 | . . . . . . 1 . . . . . . . . . . . . . . . . . . . . 1 1 . . . . 1 . Kinetic 935 | 38 . 47 168 . . 11 104 . 156 52 75 74 30 3 1 . . 11 . 45 2 8 1 1 . . . . . . . . 108 . Thermal 1209 | . . . 115 199 51 60 4 . 18 . . . 8 12 1 21 12 7 . . . 10 5 15 . 8 56 95 129 22 50 80 98 133 Explosive 52 | . . . . . 1 1 . 1 . . . 2 . . . 9 . 20 4 3 . . 4 2 . 2 3 . . . . . . . Electromagnetic 444 | . . . . 2 . . . . . . . . 5 . 18 5 . 5 3 17 . 8 30 . 17 . 10 42 78 11 3 45 131 14 Slashing 128 | . . . . . . . . . . . . . . . . . . . . . . . . . . . . . 25 . . 9 26 68 Robot Hit Streak 52 | 8 . 18 26 19 13 13 16 . 9 7 6 10 9 5 7 2 . 5 . 13 . 9 10 1 18 . 11 30 44 16 8 22 52 39 Robot Miss Streak 10 | 3 . 2 9 3 3 10 3 . 7 2 4 3 2 3 4 2 . 4 . 2 . 1 4 . . 1 1 3 4 2 2 3 3 4 Penetration Max 2 | . . . . . . . . . 2 1 . 1 1 . . . . 1 . . . . . . . . . . . . . . . 1 Secondary Targets 12 | . . 1 2 3 . . . . 1 1 . 4 . . . . . . . . . . . . . . . . . . . . . . Max Gunslinging Chain 1 | . . 1 1 1 . . . . 1 1 . 1 . . . . . . . . . . . . . . . . . . . . . . Capacitor 969 | . . . . . . . . . . . . . . . . . . . . . . . . . . . 30 136 231 33 53 121 156 209 Shots Hit Robots 1742 | 26 . 34 195 151 38 53 89 . 115 34 44 48 26 5 7 4 . 18 . 25 . 9 18 1 17 . 16 87 118 8 28 56 308 164 Core Hits 1274 | 11 . 14 106 84 31 72 18 . 56 16 19 46 9 . 7 14 . 72 6 28 . 5 20 3 19 5 14 39 81 2 13 66 215 183 Critical Kills 43 | . . . 2 . . . 1 . 14 5 3 4 4 . . . . 2 . 1 . . . . . . . 1 1 . . 2 3 . Critical Parts Destroyed 57 | . . . 2 . . . 2 . 21 10 6 4 7 1 . . . . . 1 . . . . . . . . . . . . 3 . Critical Strikes 166 | . . . 10 12 4 . 18 . 38 18 9 8 11 1 . . . 2 . 2 . . . . . . . 3 8 . . 8 9 5 Burn 22 | . . . 6 12 4 . . . . . . . . . . . . . . . . . . . . . . . . . . . . . Meltdown 7 | . . . . . . . . . . . . . . . . . . . . . . . . . . . . 1 1 . . 2 3 . Destroy 115 | . . . 4 . . . 18 . 38 18 9 8 11 1 . . . 2 . 2 . . . . . . . . . . . . 4 . Corrupt 16 | . . . . . . . . . . . . . . . . . . . . . . . . . . . . 2 6 . . 6 2 . Sever 6 | . . . . . . . . . . . . . . . . . . . . . . . . . . . . . 1 . . . . 5 Melee Attacks 5 | . . . . . . . . . . . . . 1 . . . . . . . . . . . . . 1 3 . . . . . . Kinetic 3 | . . . . . . . . . . . . . . . . . . . . . . . . . . . . 3 . . . . . . Impact . | . . . . . . . . . . . . . . . . . . . . . . . . . . . . . . . . . . . Slashing . | . . . . . . . . . . . . . . . . . . . . . . . . . . . . . . . . . . . Piercing . | . . . . . . . . . . . . . . . . . . . . . . . . . . . . . . . . . . . Sneak Attacks 2 | . . . . . . . . . . . . . 1 . . . . . . . . . . . . . 1 . . . . . . . Combat Hostiles . | . . . . . . . . . . . . . . . . . . . . . . . . . . . . . . . . . . . Follow-up Attacks . | . . . . . . . . . . . . . . . . . . . . . . . . . . . . . . . . . . . Damage Inflicted 83964 | 314 . 501 3171 2898 788 1476 632 . 756 311 820 2444 919 262 534 1195 . 4259 355 1856 . 377 1939 450 432 247 837 3920 5619 287 1264 5388 15398 24315 Guns 17979 | 314 . 501 3171 2876 788 1225 632 . 756 311 820 1131 735 152 . . . 229 . 254 . 37 . . . . . . . . . . 4047 . Cannons 44591 | . . . . . . . . . . . . . 184 110 534 173 . 84 . 714 . 340 628 . 146 . 551 3692 5581 287 1264 3251 9290 17762 Explosions 21312 | . . . . 22 . 251 . . . . . 1313 . . . 1022 . 3946 355 888 . . 1311 450 286 247 286 146 38 . . 2137 2061 6553 Melee 82 | . . . . . . . . . . . . . . . . . . . . . . . . . . . . 82 . . . . . . Ramming . | . . . . . . . . . . . . . . . . . . . . . . . . . . . . . . . . . . . Kinetic 11832 | 314 . 501 1990 . . 19 581 . 531 311 820 1131 735 82 . . . 229 . 372 . 87 . . . . . 82 . . . . 4047 . Thermal 37034 | . . . 1181 2876 788 1206 51 . 225 . . . . 180 . 154 . 55 . . . . 357 . 286 . 270 2299 1301 . 1198 1554 5883 17170 Explosive 9205 | . . . . . . 251 . . . . . 474 . . . 907 . 3946 355 888 . . 954 450 . 247 286 . . . . 447 . . Electromagnetic 11940 | . . . . 22 . . . . . . . 839 184 . 534 134 . 29 . 596 . 290 628 . 146 . 281 1539 1988 287 66 2765 1281 331 Impact . | . . . . . . . . . . . . . . . . . . . . . . . . . . . . . . . . . . . Slashing 13953 | . . . . . . . . . . . . . . . . . . . . . . . . . . . . . 2330 . . 622 4187 6814 Piercing . | . . . . . . . . . . . . . . . . . . . . . . . . . . . . . . . . . . . Highest Corruption 24 | . . . 1 1 3 2 2 2 4 4 4 2 1 17 20 24 24 24 5 3 3 4 4 4 4 4 1 3 3 . . . . . Average Corruption 4 | . . . 1 1 1 1 2 2 3 4 3 1 1 11 17 21 24 2 1 2 3 3 4 4 4 3 1 1 3 . . . . . Corruption Purged 11 | . . . . . . . . . . . 5 . . . . . . . 1 . . . . . . 4 . 1 . . . . . . Corruption Blocked . | . . . . . . . . . . . . . . . . . . . . . . . . . . . . . . . . . . . Effects 339 | . . . 12 9 21 7 10 . 47 13 7 7 2 6 31 34 20 3 . 9 1 10 15 7 4 9 4 19 32 . . . . . Message Errors 90 | . . . 3 3 6 2 1 . 16 6 3 . 2 2 6 9 7 . . 1 1 3 1 . 1 1 1 4 11 . . . . . Matter Fused 63 | . . . 1 3 3 2 1 . 15 . 1 3 . . 4 6 3 . . 3 . 3 . 1 1 3 1 4 5 . . . . . Heat Flow Errors 61 | . . . 2 2 5 3 4 . 3 3 . 1 . 1 5 5 3 . . 1 . 2 4 4 2 1 . 6 4 . . . . . Energy Discharges 41 | . . . 3 1 2 . 3 . 4 2 . . . 1 7 3 4 2 . 1 . 1 1 . . . . 1 5 . . . . . Parts Rejected 2 | . . . . . . . . . . 1 . . . . 1 . . . . . . . . . . . . . . . . . . . Parts Fused 5 | . . . . . 1 . . . . . . . . 1 2 . . . . . . . 1 . . . . . . . . . . . Data Loss (minor) 29 | . . . . . 2 . 1 . 3 . 1 1 . . 3 5 . 1 . 3 . 1 1 . . 2 . 1 4 . . . . . Data Loss (major) 18 | . . . 1 . 2 . . . 2 1 . 1 . . 1 1 1 . . . . . 4 . . 2 . . 2 . . . . . Misfires 17 | . . . 1 . . . . . 1 . . 1 . . . 4 2 . . . . . 1 2 . . 2 3 . . . . . . Alerts 5 | . . . . . . . . . 2 . . . . . 1 . . . . . . . 2 . . . . . . . . . . . Misdirections 2 | . . . . . . . . . . . . . . 1 1 . . . . . . . . . . . . . . . . . . . Weapon Failures 6 | . . . 1 . . . . . 1 . 2 . . . . 1 . . . . . . . . . . . . 1 . . . . . Overload Shots 1 | . . . . . . . . . . . . . . . . . . 1 . . . . . . . . . . . . . . . . Overflow Damage 2245 | . . . . . . 3 . . . . . 77 24 . 32 23 . 76 . 16 . 32 67 48 82 8 . 140 59 . 35 191 332 1000 Projectiles 1574 | . . . . . . . . . . . . . 24 . 32 . . . . 16 . 32 27 . . . . 105 59 . 35 63 244 937 Explosions 671 | . . . . . . 3 . . . . . 77 . . . 23 . 76 . . . . 40 48 82 8 . 35 . . . 128 88 63 Melee . | . . . . . . . . . . . . . . . . . . . . . . . . . . . . . . . . . . . Knockbacks 2 | . . . . . . . . . . . . . . . . . . . . 2 . . . . . . . . . . . . . . Impact . | . . . . . . . . . . . . . . . . . . . . . . . . . . . . . . . . . . . Kinetic 2 | . . . . . . . . . . . . . . . . . . . . 2 . . . . . . . . . . . . . . Secondary . | . . . . . . . . . . . . . . . . . . . . . . . . . . . . . . . . . . . Self-Inflicted Damage 359 | . . . . . . . . . . . . 79 73 . . . . . 31 . . . . . 27 64 . . . . . 13 . 72 Shots 11 | . . . . . . . . . . . . 3 2 . . . . . 1 . . . . . 1 1 . . . . . 1 . 2 Rammed . | . . . . . . . . . . . . . . . . . . . . . . . . . . . . . . . . . . . Targets Rammed . | . . . . . . . . . . . . . . . . . . . . . . . . . . . . . . . . . . . Kicked . | . . . . . . . . . . . . . . . . . . . . . . . . . . . . . . . . . . . Crushed . | . . . . . . . . . . . . . . . . . . . . . . . . . . . . . . . . . . . Highest Temperature 404 | . . . 254 220 261 280 284 . 238 256 . 353 120 266 238 319 252 210 . 232 . 254 174 173 156 132 227 208 404 . . 200 253 199 Average Temperature 75 | . . . 40 43 64 107 99 . 86 56 . 132 34 80 68 66 104 47 . 26 . 46 43 64 64 57 48 37 131 . . 80 87 95 Received Heat Transfer 2771 | . . 30 936 528 57 54 . . 27 . . 336 27 . 27 . . 20 . 136 . 9 . . . . 18 80 83 . . 81 73 249 Thermoelectric Energy+ 1125 | . . . . . . . . . . . . . . . . . . . . . . . . . . . . . . . . 56 535 534 Effects 9 | . . . . . . . . . . . . 4 . . . 2 . . . . . . . . . . . . 2 . . . 1 . Energy Bleed 2 | . . . . . . . . . . . . . . . . 1 . . . . . . . . . . . . . . . . 1 . Interference 7 | . . . . . . . . . . . . 4 . . . 1 . . . . . . . . . . . . 2 . . . . . Siege Activations 8 | . . . . . . . . . . . . . . . . . . . . . . . . . . . . . 1 . . . 4 3 Total Turns 104 | . . . . . . . . . . . . . . . . . . . . . . . . . . . . . 3 . . . 38 63 Longest Duration 56 | . . . . . . . . . . . . . . . . . . . . . . . . . . . . . 3 . . . 22 56 Martial Activations . | . . . . . . . . . . . . . . . . . . . . . . . . . . . . . . . . . . . Shielding Activations . | . . . . . . . . . . . . . . . . . . . . . . . . . . . . . . . . . . . Robots Disrupted 2 | . . . . . . . . . . . . . . . . . . . . . . . . . . . . . . . . 1 1 . Combat Hostiles 2 | . . . . . . . . . . . . . . . . . . . . . . . . . . . . . . . . 1 1 . Robots Corrupted 51 | . . . . . . . . . . . . 1 1 . 1 . . . . 2 . 1 3 . . . 1 6 12 2 . 14 6 1 Combat Hostiles 45 | . . . . . . . . . . . . . . . 1 . . . . . . . 3 . . . 1 6 12 2 . 13 6 1 Parts Fried 116 | . . . . . . . . . . . . 1 5 . 3 1 . . . 8 . 4 2 . . . 2 18 19 6 1 24 15 7 Impact Corruptions . | . . . . . . . . . . . . . . . . . . . . . . . . . . . . . . . . . . . Robots Melted 11 | . . . 2 2 . . . . . . . . . . . . . . . . . . . . . . . 1 1 . . 2 3 . Combat Hostiles 11 | . . . 2 2 . . . . . . . . . . . . . . . . . . . . . . . 1 1 . . 2 3 . Parts Melted 69 | . . . 9 11 2 . . . . . . . . . . . . . . . . . . . . . . 6 14 . 5 9 11 2 Heat Transferred 27967 | . . . 3256 6028 1380 980 40 . 190 . . . . 74 . 150 . . . . . . 250 . 150 . 259 1937 1110 . 999 1112 4039 6013 Parts Sabotaged . | . . . . . . . . . . . . . . . . . . . . . . . . . . . . . . . . . . . Parts Stolen . | . . . . . . . . . . . . . . . . . . . . . . . . . . . . . . . . . . . Parts Stripped 18 | . . . . . . . . . . . . . . . . . . . . . . . . . . . . 18 . . . . . . Power Chain Reactions 12 | . . . . 1 . . . . . . . 1 . . . 2 . . . 1 . . 1 . 1 . 1 1 . . . 2 1 . Alert | -11 -10 -10 -8 -8 -8 -6 -6 -6 -6 -6 -6 -6 -5 -5 -5 -5 -5 -5 -4 -4 -4 -4 -4 -4 -4 -3 -3 -3 -3 -2 -2 -1 -1 -1 ------- Run | Yrd Mat Sub Mat Sto Rec Fac Was Fac Ext Cet Arc Hub Fac Was Fac Upp Upp War Pro Fac Was Fac Upp Upp Zhi Pro Res Qua Sec Res Tes Acc Com Ac0 Maximum Alert Level 4 | . . . 1 2 . 1 . . 1 1 1 4 2 . 1 . . . . 1 . . . . . . . 2 2 1 . 2 4 . Low Security (%) 51 | 100 100 . 35 35 100 88 100 100 99 62 91 5 9 100 95 . . . . 94 100 100 . . . . 100 39 7 67 100 57 . . Level 1 20 | . . . 64 15 . 11 . . . 37 8 15 . . 4 . . . . 5 . . . . . . . 56 76 32 . 15 7 . Level 2 10 | . . . . 48 . . . . . . . 49 90 . . . . . . . . . . . . . . 4 15 . . 26 11 . Level 3 7 | . . . . . . . . . . . . 22 . . . . . . . . . . . . . . . . . . . . 35 . Level 4 9 | . . . . . . . . . . . . 7 . . . . . . . . . . . . . . . . . . . . 44 . Level 5 . | . . . . . . . . . . . . . . . . . . . . . . . . . . . . . . . . . . . High Security . | . . . . . . . . . . . . . . . . . . . . . . . . . . . . . . . . . . . Max Security . | . . . . . . . . . . . . . . . . . . . . . . . . . . . . . . . . . . . Peak Influence 1150 | 20 16 . 340 508 60 229 20 37 219 250 217 1150 573 70 208 . . . . 242 30 45 . . . . 98 413 560 314 97 637 728 . Initial 553 | . . . . 133 23 200 18 . 2 104 87 21 553 8 35 . . . . 150 30 2 . . . . . 6 205 312 7 33 403 . Average 188 | 3 1 . 221 292 7 96 1 7 54 168 145 649 446 19 144 . . . . 64 7 9 . . . . 22 214 315 139 27 233 477 . Influence Increases 17377 | 50 28 . 1068 813 215 600 21 43 1129 344 291 1679 333 104 514 100 . 527 157 625 4 149 210 90 10 90 255 809 1029 128 300 1140 1492 3030 Destroy 0b10 Robot/C 6380 | . . . 680 480 120 120 20 . 500 160 80 560 40 . 160 80 . 380 100 140 . 20 120 80 . 80 40 440 520 40 120 660 640 . Destroy 0b10 Robot/NC 720 | 50 . . 65 80 15 40 . . 40 10 45 60 25 . 20 5 . 10 10 50 . 10 15 . 10 . 15 20 20 . 5 45 55 . Destroy Leader 1188 | . . . 202 146 . 32 . . 46 . . 154 14 . 36 . . . 10 40 . 10 . 10 . 10 14 76 94 10 22 130 132 . Allied During Kill 1279 | . . . . . 7 1 . . 281 157 125 448 . . 101 . . 122 37 . . . . . . . . . . . . . . . Successful Hack 399 | . 28 . 14 24 9 53 . 6 60 . . . 80 . 2 . . . . 45 . . . . . . 26 2 . 12 24 14 . . Select Force Hacks 60 | . . . . . 60 . . . . . . . . . . . . . . . . . . . . . . . . . . . . . Disable Machine 1080 | . . . 15 60 . . . 15 15 . 30 165 75 . 15 . . . . 60 . . . . . . . 135 195 15 90 60 60 75 Anti-Garrison Action 50 | . . . . . . . . . . . . . . . . . . . . . . . . . . . . . . . . . 50 . Destroy Structure 4841 | . . . 2 8 4 19 1 22 7 2 11 277 84 104 30 . . . . 110 4 34 . . . . 160 76 100 51 39 201 540 2955 Advance Influence 350 | . . . . . . 200 . . . . . . . . . . . . . 150 . . . . . . . . . . . . . . Partial Spotted 90 | . . . . . . 15 . . . . . . 15 . . . . . . 30 . 15 . . . . . 15 . . . . . . Lose Combat Pursuer 840 | . . . 90 15 . 120 . . 180 15 . 15 . . 150 15 . 15 . . . 60 75 . . . . 45 . . . 30 15 . Miscellaneous 100 | . . . . . . . . . . . . . . . . . . . . . . . . . . . . . 100 . . . . . Influence Decreases 14487 | 50 28 . 750 1071 275 548 73 36 949 313 449 609 1438 79 380 284 . 252 432 537 88 118 215 120 10 90 243 455 839 670 257 566 772 1491 Entered New Map 3568 | . . . . 185 37 . 34 . 5 83 131 39 577 17 15 69 . . 275 . 58 2 14 6 . . . 6 161 244 7 24 228 1351 Time Decay 8757 | 50 28 . 660 443 238 428 31 36 545 230 278 490 326 62 305 198 . 242 157 387 30 116 201 114 10 90 243 449 658 426 250 542 494 . Lost Part 315 | . . . 90 . . . 8 . . . . 20 . . . 17 . . . . . . . . . . . . 20 . . . 20 140 Lost Ally 500 | . . . . . . 120 . . 180 . 40 60 . . 60 . . 10 . . . . . . . . . . . . . . 30 . Purge Threat 1347 | . . . . 443 . . . . 219 . . . 535 . . . . . . 150 . . . . . . . . . . . . . . Squads Dispatched 94 | . . . 6 7 . 9 . . 2 . . 11 9 . 2 . . . . 7 . 5 . . . . 5 7 8 . 4 8 4 . Investigation 18 | . . . 1 3 . 1 . . 1 . . . 2 . . . . . . 3 . 3 . . . . 2 1 . . . 1 . . Extermination 31 | . . . . . . 3 . . . . . 1 2 . 1 . . . . 3 . 1 . . . . . 5 4 . 2 5 4 . Reinforcement 28 | . . . 3 2 . 2 . . 1 . . 4 1 . 1 . . . . 1 . 1 . . . . 3 1 4 . 2 2 . . Assault 4 | . . . . . . . . . . . . . 4 . . . . . . . . . . . . . . . . . . . . . Garrison 13 | . . . 2 2 . 3 . . . . . 6 . . . . . . . . . . . . . . . . . . . . . . Intercept . | . . . . . . . . . . . . . . . . . . . . . . . . . . . . . . . . . . . Searches Triggered . | . . . . . . . . . . . . . . . . . . . . . . . . . . . . . . . . . . . Unchained Authorized 2 | . . . . . . . . . . . . . . . . . . . . . . . . . . . . . . . 1 1 . . Construction Impeded 6 | . . . 1 . . . . . . . . 2 . . . . . . . 1 . . . . . . . . 1 . . 1 . . Haulers Reinforced 2 | . . . . . . . . . . . . . . . . . . . . . . . . . . . 1 . . . 1 . . . Active Scanning Responses . | . . . . . . . . . . . . . . . . . . . . . . . . . . . . . . . . . . . Cargo Convoy Interrupts . | . . . . . . . . . . . . . . . . . . . . . . . . . . . . . . . . . . . Stealth | -11 -10 -10 -8 -8 -8 -6 -6 -6 -6 -6 -6 -6 -5 -5 -5 -5 -5 -5 -4 -4 -4 -4 -4 -4 -4 -3 -3 -3 -3 -2 -2 -1 -1 -1 --------- Run | Yrd Mat Sub Mat Sto Rec Fac Was Fac Ext Cet Arc Hub Fac Was Fac Upp Upp War Pro Fac Was Fac Upp Upp Zhi Pro Res Qua Sec Res Tes Acc Com Ac0 Distress Signals 65 | . 2 . 6 1 3 3 . . 1 2 1 1 . . 2 1 . 1 . 1 . 1 1 . . . 3 . 2 5 . 4 24 . Communications Jammed . | . . . . . . . . . . . . . . . . . . . . . . . . . . . . . . . . . . . Distress Signals . | . . . . . . . . . . . . . . . . . . . . . . . . . . . . . . . . . . . Times Spotted 552 | . . 5 54 34 8 15 1 2 38 13 17 30 10 6 12 2 . 46 2 15 5 12 3 4 . 1 8 29 31 12 7 41 35 54 Peak Tracking Total 14 | . . 3 6 4 3 6 . 2 4 5 2 8 4 3 6 3 . 14 1 6 5 9 5 4 . 1 2 7 5 4 3 6 5 5 Tactical Retreats 40 | . . . 3 1 . 4 . . 12 1 . 1 . . 6 1 . 1 . . . 2 4 . . . . 1 . . . 2 1 . Traps | -11 -10 -10 -8 -8 -8 -6 -6 -6 -6 -6 -6 -6 -5 -5 -5 -5 -5 -5 -4 -4 -4 -4 -4 -4 -4 -3 -3 -3 -3 -2 -2 -1 -1 -1 ------- Run | Yrd Mat Sub Mat Sto Rec Fac Was Fac Ext Cet Arc Hub Fac Was Fac Upp Upp War Pro Fac Was Fac Upp Upp Zhi Pro Res Qua Sec Res Tes Acc Com Ac0 Traps Triggered 25 | . . . 3 2 . 2 . . 4 . . 4 2 . 2 . . 1 . 1 . 1 . . . . . 1 1 . . . 1 . Indirectly 1 | . . . . . . . . . . . . 1 . . . . . . . . . . . . . . . . . . . . . . Trap Hack Attempts . | . . . . . . . . . . . . . . . . . . . . . . . . . . . . . . . . . . . Triggered . | . . . . . . . . . . . . . . . . . . . . . . . . . . . . . . . . . . . Disarmed . | . . . . . . . . . . . . . . . . . . . . . . . . . . . . . . . . . . . Reprogrammed . | . . . . . . . . . . . . . . . . . . . . . . . . . . . . . . . . . . . Reused . | . . . . . . . . . . . . . . . . . . . . . . . . . . . . . . . . . . . Traps Extracted . | . . . . . . . . . . . . . . . . . . . . . . . . . . . . . . . . . . . Installed . | . . . . . . . . . . . . . . . . . . . . . . . . . . . . . . . . . . . Triggered . | . . . . . . . . . . . . . . . . . . . . . . . . . . . . . . . . . . . Machines | -11 -10 -10 -8 -8 -8 -6 -6 -6 -6 -6 -6 -6 -5 -5 -5 -5 -5 -5 -4 -4 -4 -4 -4 -4 -4 -3 -3 -3 -3 -2 -2 -1 -1 -1 ---------- Run | Yrd Mat Sub Mat Sto Rec Fac Was Fac Ext Cet Arc Hub Fac Was Fac Upp Upp War Pro Fac Was Fac Upp Upp Zhi Pro Res Qua Sec Res Tes Acc Com Ac0 Machines Disabled 85 | . . 1 1 4 . . . 1 1 . 2 11 5 . 1 . . 1 . 4 . . . . 3 . . 10 13 1 6 4 6 10 Max in Single Turn 5 | . . 1 1 1 . . . 1 1 . 1 4 5 . 1 . . 1 . 1 . . . . 3 . . 1 1 1 1 1 2 2 Garrison Access 9 | . . . 1 1 . 1 . . . . . . 1 . . . . . . 1 . 1 . . . . . 1 . 2 . . . . Phase Generator 1 | . . . . . . . . . . . . . . . . . . . . . . . . . . . . . . . . . 1 . Network Hub 2 | . . . . . . . . . . . . 2 . . . . . . . . . . . . . . . . . . . . . . Machines Repaired . | . . . . . . . . . . . . . . . . . . . . . . . . . . . . . . . . . . . Machines Dismantled . | . . . . . . . . . . . . . . . . . . . . . . . . . . . . . . . . . . . Machines Sabotaged . | . . . . . . . . . . . . . . . . . . . . . . . . . . . . . . . . . . . Overloaded Fab Kills . | . . . . . . . . . . . . . . . . . . . . . . . . . . . . . . . . . . . Hacking | -11 -10 -10 -8 -8 -8 -6 -6 -6 -6 -6 -6 -6 -5 -5 -5 -5 -5 -5 -4 -4 -4 -4 -4 -4 -4 -3 -3 -3 -3 -2 -2 -1 -1 -1 --------- Run | Yrd Mat Sub Mat Sto Rec Fac Was Fac Ext Cet Arc Hub Fac Was Fac Upp Upp War Pro Fac Was Fac Upp Upp Zhi Pro Res Qua Sec Res Tes Acc Com Ac0 Machines Accessed 121 | . 4 1 9 9 7 10 . 2 10 . . 1 9 . 4 . . 1 . 17 . 5 1 1 4 . 7 4 4 1 4 4 2 . Terminals 69 | . 4 . 6 6 4 7 . . 10 . . . 5 . 2 . . . . 10 . 1 1 . . . 3 1 4 . . 3 2 . Fabricators 17 | . . . . . . . . 1 . . . . 2 . 1 . . . . 5 . 3 . . . . 4 . . . 1 . . . Repair Stations 8 | . . . 1 2 . 1 . 1 . . . . 1 . . . . . . 1 . . . . . . . . . . . 1 . . Recycling Units 2 | . . . . . 2 . . . . . . . . . . . . . . . . . . . . . . . . . . . . . Scanalyzers 8 | . . . 1 . . 1 . . . . . . . . 1 . . . . . . . . . . . . 2 . 1 2 . . . Garrison Access 9 | . . . 1 1 . 1 . . . . . 1 1 . . . . . . 1 . 1 . . . . . 1 . . 1 . . . Total Hacks 337 | . 11 9 20 26 22 18 . 4 19 . . 1 39 . 12 . . 1 . 46 . 19 1 1 17 . 21 10 14 2 9 12 3 . Successful 194 | . 5 9 14 12 15 7 . 2 11 . . . 24 . 8 . . 1 . 35 . 16 1 1 17 . 3 4 4 1 1 2 1 . Failed 143 | . 6 . 6 14 7 11 . 2 8 . . 1 15 . 4 . . . . 11 . 3 . . . . 18 6 10 1 8 10 2 . Catastrophic 18 | . 1 . 1 1 . 1 . . . . . . 2 . 1 . . . . . . . . . . . 5 2 1 . 2 1 . . Database Lockouts . | . . . . . . . . . . . . . . . . . . . . . . . . . . . . . . . . . . . Manual 145 | . 10 . 10 2 7 9 . . 4 1 . . 31 . 8 . . . . 31 . 7 . . . . 6 5 3 . 6 4 1 . Terminals 190 | . 11 . 13 19 11 14 . . 19 . . . 30 . 8 . . . . 26 . 2 1 . . . 7 3 14 . . 9 3 . Fabricators 55 | . . . . . . . . 1 . . . . 3 . 3 . . . . 17 . 16 . . . . 14 . . . 1 . . . Repair Stations 19 | . . . 1 4 . 1 . 3 . . . . 5 . . . . . . 2 . . . . . . . . . . . 3 . . Recycling Units 5 | . . . . . 5 . . . . . . . . . . . . . . . . . . . . . . . . . . . . . Scanalyzers 20 | . . . 5 . . 2 . . . . . . . . 1 . . . . . . . . . . . . 5 . 2 5 . . . Garrison Access 14 | . . . 1 3 . 1 . . . . . 1 1 . . . . . . 1 . 1 . . . . . 2 . . 3 . . . Terminal Hacks 96 | . 1 9 4 7 8 2 . . 9 . . . 14 . 3 . . 1 . 12 . 2 1 1 17 . . . 4 . . . 1 . Record 20 | . . 8 . . 6 . . . . . . . . . . . . . . . . . 1 . 5 . . . . . . . . . Part Schematic 17 | . . . 2 . . . . . . . . . 6 . . . . . . 5 . . . . 4 . . . . . . . . . Robot Analysis 4 | . . . . . . . . . . . . . . . . . . . . . . . . . 4 . . . . . . . . . Prototype ID Bank 5 | . . . . 1 . . . . . . . . . . . . . . . . . . . . 4 . . . . . . . . . Open Door 13 | . . . . 3 . . . . 5 . . . . . . . . 1 . . . . . 1 . . . . 2 . . . 1 . Branch Access Points 4 | . . . 1 . . . . . . . . . . . 1 . . . . 1 . 1 . . . . . . . . . . . . Terminal Index 3 | . . . . . . . . . 1 . . . 1 . 1 . . . . . . . . . . . . . . . . . . . Fabricator Index 2 | . . . . . . . . . . . . . 1 . 1 . . . . . . . . . . . . . . . . . . . Alert Level 3 | . . . . . 1 . . . . . . . 1 . . . . . . . . . . . . . . . 1 . . . . . Unreport Threat 12 | . . . . 3 . . . . 3 . . . 4 . . . . . . 1 . . . . . . . . 1 . . . . . Locate Traps 3 | . . . 1 . . . . . . . . . . . . . . . . 2 . . . . . . . . . . . . . . Recall Investigation 1 | . . . . . . . . . . . . . . . . . . . . . . 1 . . . . . . . . . . . . Recall Extermination 3 | . . . . . . . . . . . . . 1 . . . . . . 2 . . . . . . . . . . . . . . Registered Components 3 | . . . . . 1 1 . . . . . . . . . . . . . 1 . . . . . . . . . . . . . . Zone Layout 2 | . 1 . . . . 1 . . . . . . . . . . . . . . . . . . . . . . . . . . . . Proto ID Catalog 1 | . . 1 . . . . . . . . . . . . . . . . . . . . . . . . . . . . . . . . Fabricator Hacks 25 | . . . . . . . . 1 . . . . 1 . 2 . . . . 10 . 10 . . . . 1 . . . . . . . Network Status 3 | . . . . . . . . 1 . . . . . . . . . . . 1 . 1 . . . . . . . . . . . . Load Schematic 14 | . . . . . . . . . . . . . 1 . 1 . . . . 6 . 5 . . . . 1 . . . . . . . Build 8 | . . . . . . . . . . . . . . . 1 . . . . 3 . 4 . . . . . . . . . . . . Repair Station Hacks 10 | . . . . 3 . . . 1 . . . . 4 . . . . . . 2 . . . . . . . . . . . . . . Scan Component 6 | . . . . 2 . . . 1 . . . . 2 . . . . . . 1 . . . . . . . . . . . . . . Repair 4 | . . . . 1 . . . . . . . . 2 . . . . . . 1 . . . . . . . . . . . . . . Recycling Unit Hacks 3 | . . . . . 3 . . . . . . . . . . . . . . . . . . . . . . . . . . . . . Retrieve Components 3 | . . . . . 3 . . . . . . . . . . . . . . . . . . . . . . . . . . . . . Scanalyzer 11 | . . . 5 . . 2 . . . . . . . . 1 . . . . . . . . . . . . 2 . 1 . . . . Insert Component 1 | . . . . . . . . . . . . . . . 1 . . . . . . . . . . . . . . . . . . . Retrieve Study 10 | . . . 5 . . 2 . . . . . . . . . . . . . . . . . . . . . 2 . 1 . . . . Garrison Access Hacks 7 | . . . 1 1 . 1 . . . . . . 1 . . . . . . 1 . 1 . . . . . 1 . . . . . . Seal Access 7 | . . . 1 1 . 1 . . . . . . 1 . . . . . . 1 . 1 . . . . . 1 . . . . . . Unauthorized Hacks 42 | . 4 . 4 1 4 2 . . 2 . . . 4 . 2 . . . . 10 . 3 . . . . 2 1 . . 1 2 . . Terminals 25 | . 4 . 4 1 2 2 . . 2 . . . 2 . 1 . . . . 4 . . . . . . 2 . . . . 1 . . Assimilate 6 | . 1 . 2 . . . . . 1 . . . . . . . . . . 2 . . . . . . . . . . . . . . Botnet 15 | . . . 1 1 2 2 . . 1 . . . 2 . 1 . . . . 2 . . . . . . 2 . . . . 1 . . Operators 4 | . 3 . 1 . . . . . . . . . . . . . . . . . . . . . . . . . . . . . . . Fabricators 12 | . . . . . . . . . . . . . 2 . 1 . . . . 6 . 3 . . . . . . . . . . . . Prioritize 6 | . . . . . . . . . . . . . . . 1 . . . . 3 . 2 . . . . . . . . . . . . Recompile 6 | . . . . . . . . . . . . . 2 . . . . . . 3 . 1 . . . . . . . . . . . . Repair Stations 1 | . . . . . . . . . . . . . . . . . . . . . . . . . . . . . . . . 1 . . Patch 1 | . . . . . . . . . . . . . . . . . . . . . . . . . . . . . . . . 1 . . Recycling Units 2 | . . . . . 2 . . . . . . . . . . . . . . . . . . . . . . . . . . . . . Tunnel 2 | . . . . . 2 . . . . . . . . . . . . . . . . . . . . . . . . . . . . . Scanalyzers 2 | . . . . . . . . . . . . . . . . . . . . . . . . . . . . 1 . . 1 . . . Researchers 2 | . . . . . . . . . . . . . . . . . . . . . . . . . . . . 1 . . 1 . . . Garrison Access . | . . . . . . . . . . . . . . . . . . . . . . . . . . . . . . . . . . . Data Cores Recovered . | . . . . . . . . . . . . . . . . . . . . . . . . . . . . . . . . . . . Used . | . . . . . . . . . . . . . . . . . . . . . . . . . . . . . . . . . . . Hacking Detections 71 | . 3 . 6 7 3 8 . 1 7 1 . 1 5 . 2 . . . . 8 . 2 . . . . 6 4 1 . 3 2 1 . Full Trace Events 7 | . . . . 2 2 . . . 1 . . . . . . . . . . . . 2 . . . . . . . . . . . . Feedback Events 1 | . . . . . . . . . 1 . . . . . . . . . . . . . . . . . . . . . . . . . Corruption 1 | . . . . . . . . . 1 . . . . . . . . . . . . . . . . . . . . . . . . . Feedback Blocked . | . . . . . . . . . . . . . . . . . . . . . . . . . . . . . . . . . . . Robot Schematics Acquired 3 | . . . . . . . . . . . . . . . . . . . . . . . . . . . . . . . 3 . . . Robots Built . | . . . . . . . . . . . . . . . . . . . . . . . . . . . . . . . . . . . Authchips . | . . . . . . . . . . . . . . . . . . . . . . . . . . . . . . . . . . . Time . | . . . . . . . . . . . . . . . . . . . . . . . . . . . . . . . . . . . Total Robot Build Rating . | . . . . . . . . . . . . . . . . . . . . . . . . . . . . . . . . . . . Part Schematics Acquired 23 | . . . 2 . . . . . . . . . 6 . . . . . . 5 . . . . 4 . . . . . 6 . . . Parts Built 11 | . . . . . . . . . . . . . . . 2 . . . . 4 . 5 . . . . . . . . . . . . Authchips 6 | . . . . . . . . . . . . . . . 1 . . . . 3 . 2 . . . . . . . . . . . . Time 620 | . . . . . . . . . . . . . . . 117 . . . . 233 . 270 . . . . . . . . . . . . Total Part Build Rating 74 | . . . . . . . . . . . . . . . 14 . . . . 24 . 36 . . . . . . . . . . . . Part Studies Acquired 10 | . . . 5 . . 2 . . . . . . . . . . . . . . . . . . . . . 2 . 1 . . . . Parts Repaired 4 | . . . . 1 . . . . . . . . 2 . . . . . . 1 . . . . . . . . . . . . . . Time 176 | . . . . 38 . . . . . . . . 49 . . . . . . 89 . . . . . . . . . . . . . . Parts Recycled . | . . . . . . . . . . . . . . . . . . . . . . . . . . . . . . . . . . . Recycled Matter . | . . . . . . . . . . . . . . . . . . . . . . . . . . . . . . . . . . . Retrieved Matter . | . . . . . . . . . . . . . . . . . . . . . . . . . . . . . . . . . . . Retrieved Components 5 | . . . . . 5 . . . . . . . . . . . . . . . . . . . . . . . . . . . . . Parts Scanalyzed . | . . . . . . . . . . . . . . . . . . . . . . . . . . . . . . . . . . . Part Schematics Acquired . | . . . . . . . . . . . . . . . . . . . . . . . . . . . . . . . . . . . Parts Damaged . | . . . . . . . . . . . . . . . . . . . . . . . . . . . . . . . . . . . Bothacking | -11 -10 -10 -8 -8 -8 -6 -6 -6 -6 -6 -6 -6 -5 -5 -5 -5 -5 -5 -4 -4 -4 -4 -4 -4 -4 -3 -3 -3 -3 -2 -2 -1 -1 -1 ------------ Run | Yrd Mat Sub Mat Sto Rec Fac Was Fac Ext Cet Arc Hub Fac Was Fac Upp Upp War Pro Fac Was Fac Upp Upp Zhi Pro Res Qua Sec Res Tes Acc Com Ac0 Used RIF Installer . | . . . . . . . . . . . . . . . . . . . . . . . . . . . . . . . . . . . Robots Hacked 2 | . . . . . . 1 . . . . . . 1 . . . . . . . . . . . . . . . . . . . . . Non-combat 2 | . . . . . . 1 . . . . . . 1 . . . . . . . . . . . . . . . . . . . . . Combat . | . . . . . . . . . . . . . . . . . . . . . . . . . . . . . . . . . . . Robot Hacks Applied 2 | . . . . . . 1 . . . . . . 1 . . . . . . . . . . . . . . . . . . . . . find_chute 2 | . . . . . . 1 . . . . . . 1 . . . . . . . . . . . . . . . . . . . . . Relay Couplers Released 3 | . . . . . . . . . . . . . . . . . . . . . . . . . . . . . . 3 . . . . Machine Destruction 3 | . . . . . . . . . . . . . . . . . . . . . . . . . . . . . . 3 . . . . Fabnet Peak Effective % . | . . . . . . . . . . . . . . . . . . . . . . . . . . . . . . . . . . . Robots Rewired 25 | . . . . . 7 . . . 13 . . . . . . . . 5 . . . . . . . . . . . . . . . . Allies Hacked 1 | . . . . . . . . . . . . 1 . . . . . . . . . . . . . . . . . . . . . . Hacks Repelled . | . . . . . . . . . . . . . . . . . . . . . . . . . . . . . . . . . . . Allies | -11 -10 -10 -8 -8 -8 -6 -6 -6 -6 -6 -6 -6 -5 -5 -5 -5 -5 -5 -4 -4 -4 -4 -4 -4 -4 -3 -3 -3 -3 -2 -2 -1 -1 -1 -------- Run | Yrd Mat Sub Mat Sto Rec Fac Was Fac Ext Cet Arc Hub Fac Was Fac Upp Upp War Pro Fac Was Fac Upp Upp Zhi Pro Res Qua Sec Res Tes Acc Com Ac0 Total Allies 58 | . . . 1 . 7 . . . 19 5 . . . 19 . . . 5 . 2 . . . . . . . . . . . . . . Largest Group 19 | . . . 1 . 7 7 . . 12 14 13 9 . 19 10 . . 5 4 2 . . . . . . . . . . . . . . Highest-Rated Group 850 | . . . 10 . 83 83 . . 376 850 830 582 . 702 304 . . 238 174 20 . . . . . . . . . . . . . . Highest-Rated Ally 159 | . . . 10 . 16 16 . . 159 159 153 96 . 50 50 . . 64 49 10 . . . . . . . . . . . . . . Total Orders 39 | . . . . . . . . . . 5 3 5 . . . . . 12 8 4 . . . . . . . . . . . . 2 . STAY 22 | . . . . . . . . . . 2 2 4 . . . . . 7 5 2 . . . . . . . . . . . . . . FOLLOW 15 | . . . . . . . . . . 3 1 1 . . . . . 5 3 2 . . . . . . . . . . . . . . EXPLORE 1 | . . . . . . . . . . . . . . . . . . . . . . . . . . . . . . . . . 1 . RETURN 1 | . . . . . . . . . . . . . . . . . . . . . . . . . . . . . . . . . 1 . Ally Attacks 465 | . . . . . . 12 . . 127 23 26 98 . 134 16 . . 10 19 . . . . . . . . . . . . . . . Total Damage 12843 | . . . . . . 124 . . 2440 724 811 3453 . 3680 593 . . 472 546 . . . . . . . . . . . . . . . Kills 65 | . . . . . . . . . 14 5 5 22 . 6 9 . . 3 1 . . . . . . . . . . . . . . . Allies Corrupted 3 | . . . . . . . . . . . . 1 . . 2 . . . . . . . . . . . . . . . . . . . Allies Melted 1 | . . . . . . . . . . . . . . . . . . . . . . . . . . . . . . 1 . . . . Intel | -11 -10 -10 -8 -8 -8 -6 -6 -6 -6 -6 -6 -6 -5 -5 -5 -5 -5 -5 -4 -4 -4 -4 -4 -4 -4 -3 -3 -3 -3 -2 -2 -1 -1 -1 ------- Run | Yrd Mat Sub Mat Sto Rec Fac Was Fac Ext Cet Arc Hub Fac Was Fac Upp Upp War Pro Fac Was Fac Upp Upp Zhi Pro Res Qua Sec Res Tes Acc Com Ac0 Active Infowar (turns) 32141 | . . . 1696 1222 1522 1051 572 168 2424 495 617 1081 699 155 670 717 436 735 1089 960 155 605 690 567 190 499 2146 1898 1982 1062 781 1719 2861 677 Optics 10685 | . . . 1696 1222 1522 1051 572 168 2424 495 617 918 . . . . . . . . . . . . . . . . . . . . . . Sensors 22366 | . . . . . . 982 572 168 2391 7 257 636 699 155 670 717 436 735 1089 960 155 599 687 557 186 497 2145 1660 1964 1062 780 1600 . . Terrain 13805 | . . . . . . . . . . . . . . . . . . . . . . 365 690 567 190 499 2144 1441 937 1061 781 1592 2861 677 Cloaking 2 | . . . . . . . . . . . . . . . . . . . . . . . . . . . . 2 . . . . . . ECM 2 | . . . . . . . . . 2 . . . . . . . . . . . . . . . . . . . . . . . . . Robot Analysis Total 4 | . . . . . . . . . . . . . . . . . . . . . . . . . 4 . . . . . . . . . Derelict Logs Recovered 8 | . . 1 . . . . . . . . . . . . . 1 2 . 1 . . . 2 1 . . . . . . . . . . Drone Launches 3 | . . . . . . . . . . . . . . . . . . . . . . . . . . . . . . . . . 3 . Drone Recoveries . | . . . . . . . . . . . . . . . . . . . . . . . . . . . . . . . . . . . Exploration | -11 -10 -10 -8 -8 -8 -6 -6 -6 -6 -6 -6 -6 -5 -5 -5 -5 -5 -5 -4 -4 -4 -4 -4 -4 -4 -3 -3 -3 -3 -2 -2 -1 -1 -1 ------------- Run | Yrd Mat Sub Mat Sto Rec Fac Was Fac Ext Cet Arc Hub Fac Was Fac Upp Upp War Pro Fac Was Fac Upp Upp Zhi Pro Res Qua Sec Res Tes Acc Com Ac0 Turns Passed 40408 | 242 311 833 2991 1222 1522 1051 572 168 2424 495 617 1293 727 163 711 735 436 1127 1089 1007 155 617 690 567 190 499 2158 1981 2471 1065 781 1857 6490 1151 Spaces Moved 29548 | 83 197 586 1698 645 1007 1497 516 245 1472 267 315 703 875 159 953 1069 722 1068 1000 1395 188 811 921 434 170 741 1488 1077 1036 633 434 881 3722 540 Core 38 | 1 . . . . . . . . . . . . . . . . . . . . . . . . . . . . . . . . . 37 Treads 7303 | . . . . . . . . . . . . . . . . . . . . . . . . . . . . 108 1036 633 434 871 3722 499 Legs 1937 | . . . . . . . . . . . . . . . . . . . . . . . . . . . 968 969 . . . . . . Wheels 4246 | 82 197 586 1698 645 1007 31 . . . . . . . . . . . . . . . . . . . . . . . . . . . . Hover 16010 | . . . . . . 1466 516 245 1472 267 315 703 875 159 953 1069 722 1068 1000 1395 188 811 921 434 170 741 520 . . . . . . . Flight . | . . . . . . . . . . . . . . . . . . . . . . . . . . . . . . . . . . . Fastest Speed 29 | 50 100 110 115 115 108 43 48 58 58 114 114 114 48 48 48 48 48 35 35 29 39 39 39 30 39 39 39 120 143 143 143 143 135 50 Average Speed 92 | 99 141 119 133 115 114 49 72 58 97 114 114 139 54 48 48 48 48 55 50 37 39 42 39 38 39 39 110 124 152 143 143 143 135 129 Slowest Speed 215 | 100 190 215 180 115 125 157 114 114 114 126 114 170 110 104 104 48 48 110 114 39 39 122 39 39 39 39 190 160 160 143 143 143 143 135 Overloaded Moves 46 | . . . . . . . . . . . . . . . . . . . . 40 . . . 6 . . . . . . . . . . Propulsion Burnouts . | . . . . . . . . . . . . . . . . . . . . . . . . . . . . . . . . . . . Robots Hopped . | . . . . . . . . . . . . . . . . . . . . . . . . . . . . . . . . . . . Potential Cave-ins 1 | . . . . . . . . . . . . . . . . . . . . . . . . . . . . . . . . 1 . . Cave-ins Triggered 1 | . . . . . . . . . . . . . . . . 1 . . . . . . . . . . . . . . . . . . Teleports 2 | . . . . . . . . . . . . . . . . . . . . . . . . . . . . . 1 . . . 1 . Spacefolds 6 | . . . . . . . . . . . . . . . . . . . . . . . . . . . . . . . . 4 . 2 Exploration Rate (%) 60 | 3 37 29 88 95 99 42 95 8 87 59 89 46 27 75 19 91 78 90 93 30 99 26 78 70 60 80 42 82 64 19 64 29 85 48 Regions Visited 34 Branch Regions 20 Pre-discovered Areas 6 | . . . . . 2 . . . . . . . . . . . . . . . . . 1 . 3 . . . . . . . . . Known Exits Taken 22 | . . . 1 . . . . 1 1 1 1 1 . . 1 1 1 1 1 . . 1 1 1 1 1 1 1 1 1 1 1 . . Unknown Exits Taken 6 | 1 1 1 . 1 1 . . . . . . . . . . . . . . . . . . . . . . . . . . . 1 . Scrap Searched 20 | . . 4 . . . . . . . . . . . . . 3 4 . 1 . . . 4 1 . 3 . . . . . . . . Spaces Dug 215 | . . . . . . 1 . . . . . . 8 3 1 6 2 . . 25 1 14 2 8 . 3 33 14 32 13 7 31 7 4 Terrain Destroyed 2617 | . . . . 6 4 18 1 30 8 2 15 402 48 7 1 231 12 88 36 60 2 17 67 96 . 85 94 40 59 17 12 87 240 832 Melee . | . . . . . . . . . . . . . . . . . . . . . . . . . . . . . . . . . . . Projectile 696 | . . . . . . . . . . . 15 15 14 7 1 19 12 5 . 32 2 17 7 16 . 8 49 31 55 17 12 57 20 285 AOE 1886 | . . . . 6 4 17 . 30 . . . 386 34 . . 212 . 83 36 28 . . 60 80 . 77 45 9 . . . 26 212 541 Terrain Rammed . | . . . . . . . . . . . . . . . . . . . . . . . . . . . . . . . . . . . Walls Destroyed . | . . . . . . . . . . . . . . . . . . . . . . . . . . . . . . . . . . . Machines Disabled . | . . . . . . . . . . . . . . . . . . . . . . . . . . . . . . . . . . . Actions | -11 -10 -10 -8 -8 -8 -6 -6 -6 -6 -6 -6 -6 -5 -5 -5 -5 -5 -5 -4 -4 -4 -4 -4 -4 -4 -3 -3 -3 -3 -2 -2 -1 -1 -1 --------- Run | Yrd Mat Sub Mat Sto Rec Fac Was Fac Ext Cet Arc Hub Fac Was Fac Upp Upp War Pro Fac Was Fac Upp Upp Zhi Pro Res Qua Sec Res Tes Acc Com Ac0 Total 40661 | 201 232 677 2175 923 1321 1744 602 271 2288 406 497 938 1083 229 1183 1250 798 1563 1572 1800 266 1050 1204 813 275 935 1988 1710 1901 798 596 1470 4949 953 Wait 6926 | 88 10 38 148 117 173 122 2 6 552 84 104 159 116 53 184 140 66 385 551 293 73 178 224 361 67 175 315 399 465 83 76 368 714 37 Move 29509 | 82 196 585 1697 644 1006 1497 515 244 1471 266 314 702 875 158 952 1068 721 1067 999 1395 187 810 920 433 169 740 1487 1076 1035 632 433 874 3721 538 Hop . | . . . . . . . . . . . . . . . . . . . . . . . . . . . . . . . . . . . Pick Up 424 | 6 20 5 51 12 8 15 7 4 4 4 14 4 12 . . 1 . 9 2 13 2 8 4 . 5 . 40 18 28 20 12 22 53 21 Fast Attach 116 | 6 1 1 11 2 3 4 1 4 . 3 2 4 3 . 1 1 . 7 . . . 4 . . 1 2 4 4 18 . . 5 19 5 Attach 157 | . . 3 7 1 2 6 . 1 16 2 2 6 9 1 1 3 . 5 . 8 . 3 . . 3 . 5 4 11 3 . 6 19 30 Detach 119 | . . 1 . . 2 1 2 2 14 . 4 5 5 2 1 2 . 4 . 1 . 1 . . 1 1 5 6 5 1 . 6 21 26 Swap 560 | . 1 5 51 18 6 27 12 1 9 6 10 12 20 5 8 6 1 20 11 23 2 15 16 3 8 7 19 41 74 9 9 29 37 39 Drop 494 | . 4 12 65 13 11 29 7 8 2 8 7 4 14 1 3 1 . 14 2 9 . 6 2 . 4 . 46 24 32 17 13 26 68 42 Fire 2098 | 19 . 27 145 108 28 43 54 1 103 33 40 42 28 9 20 28 10 37 7 58 2 25 38 16 17 10 66 135 233 33 53 134 281 215 Melee 5 | . . . . . . . . . . . . . 1 . . . . . . . . . . . . . 1 3 . . . . . . Ram . | . . . . . . . . . . . . . . . . . . . . . . . . . . . . . . . . . . . Kick . | . . . . . . . . . . . . . . . . . . . . . . . . . . . . . . . . . . . Crush . | . . . . . . . . . . . . . . . . . . . . . . . . . . . . . . . . . . . Escape Stasis 47 | . . . . 8 . . . . 26 . . . . . 13 . . . . . . . . . . . . . . . . . . . Rewire 206 | . . . . . 82 . 2 . 91 . . . . . . . . 15 . . . . . . . . . . . . . . 16 . Trap . | . . . . . . . . . . . . . . . . . . . . . . . . . . . . . . . . . . . Miscellaneous . | . . . . . . . . . . . . . . . . . . . . . . . . . . . . . . . . . . . Route ------- -11/Scrapyard -10/Materials (discovered 2 exits: [*Mat] / *Sub) -10/Subcaves (discovered 3 exits: *Mat x2 / [*Scr]) -8/Materials (discovered 4 exits: *Fac x3 / *Sto) -8/Storage (discovered 2 exits: *Fac / *Rec) -8/Recycling -6/Factory (discovered 3 exits: *Fac x2 / *Ext) -6/Waste -6/Factory -6/Extension (discovered 2 exits: *Fac / *Cet) -6/Cetus (discovered 2 exits: *Fac / *Arc) -6/Archives (discovered 3 exits: *Fac / *Hub x2) -6/Hub_04(d) (discovered 2 exits: *Fac x2) -5/Factory -5/Waste -5/Factory (discovered 3 exits: *Fac / *Upp x2) -5/Upper Caves -5/Upper Caves -5/Warlord -4/Proximity Caves -4/Factory (discovered 4 exits: *Res / Upp x2 / Arm) -4/Waste -4/Factory (discovered 3 exits: *Upp x2 / Arm) -4/Upper Caves -4/Upper Caves (discovered 2 exits: *Res / *Zhi) -4/Zhirov -3/Proximity Caves -3/Research (discovered 3 exits: *Res x2 / *Qua) -3/Quarantine (discovered 3 exits: Res / *Sec / [*Frg]) -3/Section 7 -2/Research -2/Testing -1/Access (discovered 2 exits: [Sur] / *Com) -1/Command (discovered 3 exits: [*Sur x2] / [*Ac0]) -1/Access_0 History --------- Turn | Location | Event 9 | -11/Scrapyard | Discovered new exit (range 14) 243 | -11/Scrapyard | Entered Materials 244 | -10/Materials | Met a group of wandering Federalists 318 | -10/Materials | Build established: Mutant 378 | -10/Materials | Discovered new exit (range 16) 537 | -10/Materials | Discovered new exit (range 10) 554 | -10/Materials | Entered Subcaves 555 | -10/Subcaves | Continued accompanying wandering Federalists (6) 555 | -10/Subcaves | Approached by a straggling Scientist 599 | -10/Subcaves | Ambushed by Subdweller buried in earth 632 | -10/Subcaves | Lost 5 allies 756 | -10/Subcaves | Wandering Federalist uncovered a shortcut to Scraptown 848 | -10/Subcaves | Discovered new exit (range 10) 1129 | -10/Subcaves | Discovered new exit (range 15) 1279 | -10/Subcaves | Visited 4L-MR0's lab 1283 | -10/Subcaves | Learned 2 Materials zone layouts 1296 | -10/Subcaves | Found Rainbow Chip 1387 | -10/Subcaves | Entered Materials 1387 | -8/Materials | Evolved 4 slots: Propulsion x2, Utility x2 1388 | -8/Materials | Identified exit to Factory 1646 | -8/Materials | Discovered new exit (range 15) 1778 | -8/Materials | Build established: Scavenger-Mutant 2079 | -8/Materials | Discovered exit to Factory (range 3) 2452 | -8/Materials | Garrison activated, responded to threat 2850 | -8/Materials | Identified exit to Storage 3023 | -8/Materials | Build established: Scientist-Mutant 3204 | -8/Materials | Lost 3 parts (2n1w) 3218 | -8/Materials | Core integrity fell below 50% 3528 | -8/Materials | Build established: Scavenger-Mutant 4033 | -8/Materials | Discovered exit to Factory (range 12) 4378 | -8/Materials | Entered Storage 4550 | -8/Storage | Build established: Mutant 4603 | -8/Storage | Garrison activated, responded to threat 4758 | -8/Storage | Garrison activated, responded to threat 4878 | -8/Storage | Found Prototype Launcher 4878 | -8/Storage | Identified Scatter Rocket Array 5104 | -8/Storage | Used back door to open Recycling access 5104 | -8/Storage | Discovered new exit (range 5) 5233 | -8/Storage | Repaired Reactive Plating 5251 | -8/Storage | Discovered exit to Factory (range 20) 5600 | -8/Storage | Entered Recycling 5893 | -8/Recycling | Discovered new exit (range 20) 6768 | -8/Recycling | Build established: Commander-Mutant 6884 | -8/Recycling | Entered Scraplab 7122 | -8/Recycling | Entered Factory 7122 | -6/Factory | Accompanied by 7 allies 7122 | -6/Factory | Evolved 4 slots: Propulsion x1, Utility x3 7292 | -6/Factory | Discovered new exit (range 12) 7446 | -6/Factory | Garrison activated, responded to threat 7675 | -6/Factory | Discovered new exit (range 9) 7739 | -6/Factory | Build established: Scout 7882 | -6/Factory | Spotted B-75 Beast 8009 | -6/Factory | Discovered new exit (range 15) 8022 | -6/Factory | Identified exit to Factory 8173 | -6/Factory | Sucked down chute 8173 | -6/Factory | Entered Waste 8173 | -6/Waste | The area was eerily silent 8342 | -6/Waste | Discovered new exit (range 21) 8573 | -6/Waste | Found Damper Plating 8741 | -6/Waste | Identified exit to Factory 8745 | -6/Waste | Entered Factory 8811 | -6/Factory | Found Scatter Rocket Array 8864 | -6/Factory | Discovered new exit (range 21) 8913 | -6/Factory | Identified exit to Extension 8913 | -6/Factory | Entered Extension 9453 | -6/Extension | Build established: Hacker-Skirmisher 9763 | -6/Extension | Build established: Hacker-Mutant 9811 | -6/Extension | Spotted B-75 Beast 10158 | -6/Extension | Build established: Hacker-Skirmisher 10378 | -6/Extension | Rescued a captive Derelict 10379 | -6/Extension | Rescued a captive Derelict 10478 | -6/Extension | Rescued a captive Derelict 10479 | -6/Extension | Rescued a captive Derelict 10483 | -6/Extension | Rescued a captive Derelict 10488 | -6/Extension | Rescued a captive Derelict 10489 | -6/Extension | Rescued a captive Derelict 10753 | -6/Extension | Allies destroyed B-75 Beast 10763 | -6/Extension | Spotted B-75 Beast 10791 | -6/Extension | Allies destroyed B-75 Beast 10821 | -6/Extension | Lost 3 allies 10978 | -6/Extension | Build established: Commander-Skirmisher 11000 | -6/Extension | Lost 3 allies 11179 | -6/Extension | Lost 4 allies 11208 | -6/Extension | Rescued A7 11279 | -6/Extension | Discovered exit to Factory (range 10) 11282 | -6/Extension | Discovered new exit (range 6) 11297 | -6/Extension | Identified exit to Cetus 11337 | -6/Extension | Entered Cetus 11337 | -6/Cetus | Accompanied by 9 allies (A7) 11342 | -6/Cetus | Acquired a Cetus Manufacturing Module code from A7 11361 | -6/Cetus | Spotted Cetus Guard 11362 | -6/Cetus | Spotted Cetus Guard 11369 | -6/Cetus | Allies destroyed Cetus Guard 11369 | -6/Cetus | Spotted Cetus Guard 11371 | -6/Cetus | Destroyed Cetus Guard 11377 | -6/Cetus | Allies destroyed Cetus Guard 11377 | -6/Cetus | Spotted Cetus Guard 11392 | -6/Cetus | Allies destroyed Cetus Guard 11503 | -6/Cetus | Started Cetus Manufacturing Module 11528 | -6/Cetus | Manufactured an Enhanced Grunt 11553 | -6/Cetus | Manufactured an Enhanced Grunt 11578 | -6/Cetus | Manufactured an Enhanced Grunt 11603 | -6/Cetus | Manufactured an Enhanced Grunt 11628 | -6/Cetus | Manufactured an Enhanced Grunt 11637 | -6/Cetus | Discovered new exit (range 22) 11650 | -6/Cetus | Build established: Commander-Mutant 11712 | -6/Cetus | Spotted Cetus Guard 11712 | -6/Cetus | Spotted Cetus Guard 11715 | -6/Cetus | Spotted Cetus Guard 11720 | -6/Cetus | Spotted Cetus Guard 11725 | -6/Cetus | Destroyed Cetus Guard 11726 | -6/Cetus | Allies destroyed Cetus Guard 11729 | -6/Cetus | Destroyed Cetus Guard 11739 | -6/Cetus | Destroyed Cetus Guard 11744 | -6/Cetus | Discovered exit to Factory (range 21) 11756 | -6/Cetus | Met Revision 17 11815 | -6/Cetus | Identified exit to Archives 11832 | -6/Cetus | Entered Archives 11832 | -6/Archives | Accompanied by 13 allies (A7) 11975 | -6/Archives | Discovered new exit (range 22) 12053 | -6/Archives | Discovered new exit (range 22) 12112 | -6/Archives | Discovered exit to Factory (range 14) 12418 | -6/Archives | Identified exit to Hub_04(d) 12437 | -6/Archives | Build established: Commander-Skirmisher 12449 | -6/Archives | Entered Hub_04(d) 12449 | -6/Hub_04(d) | Accompanied by 9 allies 12451 | -6/Hub_04(d) | Discovered exit to Factory (range 21) 12672 | -6/Hub_04(d) | Garrison activated, responded to threat 12805 | -6/Hub_04(d) | Discovered exit to Factory (range 12) 12942 | -6/Hub_04(d) | Network Hub disabled 13193 | -6/Hub_04(d) | Build established: Commander-Mutant 13325 | -6/Hub_04(d) | Spotted Lightning 13326 | -6/Hub_04(d) | Spotted Lightning 13334 | -6/Hub_04(d) | Spotted Lightning 13348 | -6/Hub_04(d) | Network Hub disabled 13351 | -6/Hub_04(d) | Destroyed Lightning 13377 | -6/Hub_04(d) | Garrison activated, responded to threat 13391 | -6/Hub_04(d) | Lost 4 allies 13452 | -6/Hub_04(d) | Destroyed Lightning 13455 | -6/Hub_04(d) | Destroyed Lightning 13476 | -6/Hub_04(d) | Found Prototype Device 13484 | -6/Hub_04(d) | Found Prototype Processor 13646 | -6/Hub_04(d) | Identified Exp. Phase Shifter 13742 | -6/Hub_04(d) | Entered Factory 13742 | -5/Factory | Evolved 2 slots: Propulsion x1, Utility x1 13745 | -5/Factory | Identified Exp. Targeting Computer 13794 | -5/Factory | Discovered new exit (range 15) 13802 | -5/Factory | Identified exit to Factory 13861 | -5/Factory | Repaired Neutron Missile Launcher 13878 | -5/Factory | Repaired Gravmag Array+ 14042 | -5/Factory | First assault squad dispatched 14050 | -5/Factory | Build established: Hacker-Mutant 14155 | -5/Factory | Found Launcher Loader 14354 | -5/Factory | Attached Rainbow Chip, gained temporary slots: Power, Propulsion, Utility, Weapon 14401 | -5/Factory | Watched by a mysterious "MATRIX" hacker 14469 | -5/Factory | Sucked down chute 14469 | -5/Factory | Entered Waste 14476 | -5/Waste | Spotted C-40 Crusher 14484 | -5/Waste | EMP discharged 14484 | -5/Waste | System corruption reached 10% 14498 | -5/Waste | Spotted C-40 Crusher 14502 | -5/Waste | Spotted C-40 Crusher 14544 | -5/Waste | Met Warlord forces unprepared to attack 14584 | -5/Waste | EMP discharged 14585 | -5/Waste | Spotted C-40 Crusher 14586 | -5/Waste | Spotted C-40 Crusher 14599 | -5/Waste | Allies destroyed C-40 Crusher 14604 | -5/Waste | Allies destroyed C-40 Crusher 14613 | -5/Waste | Discovered new exit (range 15) 14620 | -5/Waste | Identified exit to Factory 14632 | -5/Waste | Entered Factory 14632 | -5/Factory | Accompanied by 10 allies 14654 | -5/Factory | Discovered exit to Factory (range 15) 14685 | -5/Factory | Identified exit to Upper Caves 14782 | -5/Factory | Lost 6 allies 14837 | -5/Factory | Fabricated Lrn. Sensor Array (x2) 14900 | -5/Factory | Lost 4 allies 15343 | -5/Factory | Entered Upper Caves 15749 | -5/Upper Caves | Crushed by falling debris 15909 | -5/Upper Caves | Encountered a Warlord checkpoint 16051 | -5/Upper Caves | Discovered new exit (range 3) 16051 | -5/Upper Caves | Identified exit to Upper Caves 16078 | -5/Upper Caves | Entered another Upper Caves area 16178 | -5/Upper Caves | Identified exit to Warlord 16246 | -5/Upper Caves | Learned Factory interactive machine intel 16336 | -5/Upper Caves | Encountered a Warlord checkpoint 16514 | -5/Upper Caves | Entered Warlord 16533 | -5/Warlord | System corruption cleaned by Quarantine Array 16634 | -5/Warlord | Received a Watcher feed algorithm from an ecstatic Tinkerer 16716 | -5/Warlord | Met Warlord 16741 | -5/Warlord | Warlord's base attacked by MAIN.C 16785 | -5/Warlord | Found Prototype Device 16785 | -5/Warlord | Identified Exp. Focal Shield 16797 | -5/Warlord | Found Prototype Reactor 16842 | -5/Warlord | Found Prototype Energy Cannon 16842 | -5/Warlord | Identified Vortex Driver 16844 | -5/Warlord | Found Prototype Energy Cannon 16844 | -5/Warlord | Identified Vortex Cannon 16849 | -5/Warlord | Found Vortex Driver 16975 | -5/Warlord | Warlord forces counterattacked 17207 | -5/Warlord | Lost 8 allies 17264 | -5/Warlord | Spotted B-75 Beast 17297 | -5/Warlord | Spotted B-86 Titan 17416 | -5/Warlord | Warlord base infiltrated, sounded retreat 17448 | -5/Warlord | Spotted Striker 17490 | -5/Warlord | Spotted Executioner 17505 | -5/Warlord | Spotted Executioner 17509 | -5/Warlord | Destroyed Executioner 17536 | -5/Warlord | Found Prototype Device 17536 | -5/Warlord | Identified Exp. Shock Absorption System 17582 | -5/Warlord | Discovered new exit (range 12) 17586 | -5/Warlord | Identified exit to Proximity Caves 17611 | -5/Warlord | Lost 20 allies 17641 | -5/Warlord | Entered Proximity Caves 17641 | -4/Proximity Caves | Accompanied by 4 allies 17794 | -4/Proximity Caves | Spotter reported a threat 18060 | -4/Proximity Caves | Received a Behemoth hack from an annoying Tinkerer 18157 | -4/Proximity Caves | Build established: Scavenger-Skirmisher 18610 | -4/Proximity Caves | Build established: Hacker-Skirmisher 18730 | -4/Proximity Caves | Entered Factory 18730 | -4/Factory | Evolved 2 slots: Utility x2 18731 | -4/Factory | Identified exit to Armory 18732 | -4/Factory | Loaded intel: 53 interactive machine locations 18735 | -4/Factory | Lost 3 allies 18827 | -4/Factory | Fabricated Weapon Mount (x2) 18930 | -4/Factory | Repaired Cld. Fission Core? 19058 | -4/Factory | Fabricated Prc. Energy Filter? 19113 | -4/Factory | Build established: Wizard-Mutant 19332 | -4/Factory | Identified exit to Upper Caves 19547 | -4/Factory | Fabricated Exp. Sensor Array (x1) 19723 | -4/Factory | Discovered new exit (range 12) 19735 | -4/Factory | Identified exit to Research 19737 | -4/Factory | Manually triggered Chute Trap 19737 | -4/Factory | Sucked down chute 19737 | -4/Factory | Entered Waste 19753 | -4/Waste | Spotted C-40 Crusher 19861 | -4/Waste | Spotted C-40 Crusher 19870 | -4/Waste | Spotted C-40 Crusher 19870 | -4/Waste | Spotted C-40 Crusher 19870 | -4/Waste | Discovered new exit (range 16) 19871 | -4/Waste | Spotted C-40 Crusher 19892 | -4/Waste | Identified exit to Factory 19892 | -4/Waste | Entered Factory 19991 | -4/Factory | Fabricated Exp. Terrain Scanner? 20095 | -4/Factory | Fabricated Exp. Terrain Scan Processor? 20277 | -4/Factory | Fabricated Adv. EM Shield? 20398 | -4/Factory | Fabricated Quantum Capacitor (x2) 20509 | -4/Factory | Entered Upper Caves 20584 | -4/Upper Caves | Encountered a Warlord checkpoint 20803 | -4/Upper Caves | Discovered new exit (range 24) 20976 | -4/Upper Caves | Identified exit to Upper Caves 21131 | -4/Upper Caves | Learned location of Quarantine (-3) 21137 | -4/Upper Caves | Learned 8 Research zone layouts 21199 | -4/Upper Caves | Entered another Upper Caves area 21207 | -4/Upper Caves | Discovered exit to Research (range 23) 21477 | -4/Upper Caves | Build established: Scavenger-Scout 21653 | -4/Upper Caves | Learned Research trap positions 21694 | -4/Upper Caves | Discovered new exit (range 12) 21765 | -4/Upper Caves | Identified exit to Zhirov 21766 | -4/Upper Caves | Entered Zhirov 21766 | -4/Zhirov | Discovered new exit (range 3) 21767 | -4/Zhirov | Identified exit to Proximity Caves 21775 | -4/Zhirov | Met Zhirov 21783 | -4/Zhirov | Learned location of Testing (-2) 21783 | -4/Zhirov | Learned location of Command (-1) 21785 | -4/Zhirov | Zhirov requested help retrieving the SGEMP Prototype 21798 | -4/Zhirov | Found Alien Artifact 21798 | -4/Zhirov | Identified Integrated Dissipator 21798 | -4/Zhirov | Installed Integrated Dissipator, increased core heat dissipation (+20) 21934 | -4/Zhirov | Found Alien Artifact 21956 | -4/Zhirov | Entered Proximity Caves 22204 | -3/Proximity Caves | Discovered exit to Research (range 29) 22455 | -3/Proximity Caves | Entered Research 22455 | -3/Research | Evolved 2 slots: Power x1, Weapon x1 22457 | -3/Research | Loaded intel: 48 trap records 22463 | -3/Research | Found Prototype Device 22470 | -3/Research | Identified Exp. Thermal Shield 22474 | -3/Research | Identified Vortex Chain Reactor 22480 | -3/Research | Targeted by mysterious "MATRIX" hacker 22655 | -3/Research | Revision forces began assault on 0b10 22711 | -3/Research | Met up with Revision 17++ 22868 | -3/Research | Build established: Scavenger-Assassin 23155 | -3/Research | Research terminal network offline 23520 | -3/Research | Build established: Machinist-Assassin 23526 | -3/Research | Discovered new exit (range 30) 23561 | -3/Research | Identified exit to Research 23607 | -3/Research | Murdered Revision 24027 | -3/Research | Discovered exit to Research (range 28) 24051 | -3/Research | Found Gamma Bomb Array 24390 | -3/Research | Build established: Machinist-Skirmisher 24505 | -3/Research | Discovered new exit (range 27) 24521 | -3/Research | Found Prototype Launcher 24529 | -3/Research | Identified Hellfire Missile Launcher 24583 | -3/Research | Identified exit to Quarantine 24613 | -3/Research | Entered Quarantine 25082 | -3/Quarantine | Found Alien Artifact 25133 | -3/Quarantine | Found Gamma Bomb Array 25437 | -3/Quarantine | Build established: Machinist-Gunner 25456 | -3/Quarantine | Destroyed 9 combat bots 25475 | -3/Quarantine | Discovered exit to Research (range 21) 25644 | -3/Quarantine | Found Alien Artifact 25644 | -3/Quarantine | Identified Core Reset Matrix 25644 | -3/Quarantine | Identified Subatomic Replicator 25644 | -3/Quarantine | Identified Transdimensional Reconstructor 25644 | -3/Quarantine | Used Core Reset Matrix 25648 | -3/Quarantine | Detected hypermatrix surge 25648 | -3/Quarantine | Sensed 10 artifacts in vicinity 25657 | -3/Quarantine | Found Dimensional Node Initializer 25677 | -3/Quarantine | Found Transdimensional Reconstructor 25756 | -3/Quarantine | Build established: Machinist-Skirmisher 25826 | -3/Quarantine | Discovered exit to Research (range 23) 25878 | -3/Quarantine | Found Core Stripper 26134 | -3/Quarantine | Spotted Fortress 26154 | -3/Quarantine | Destroyed Fortress 26179 | -3/Quarantine | Found Vortex Chain Reactor 26185 | -3/Quarantine | Found Prototype Protection 26187 | -3/Quarantine | Found Prototype Device 26192 | -3/Quarantine | Identified Centrium Heavy Armor Plating 26195 | -3/Quarantine | Identified Thermal Barrier 26197 | -3/Quarantine | Found Prototype Device 26198 | -3/Quarantine | Identified Exp. EM Shield 26241 | -3/Quarantine | Found Prototype Device 26248 | -3/Quarantine | Identified Exp. Force Field 26421 | -3/Quarantine | Discovered new exit (range 30) 26439 | -3/Quarantine | Discovered new exit (range 27) 26565 | -3/Quarantine | Identified exit to Section 7 26594 | -3/Quarantine | Entered Section 7 26595 | -3/Section 7 | Detected hypermatrix surge 26595 | -3/Section 7 | Sensed 25 artifacts in vicinity 26811 | -3/Section 7 | Spotted B-86 Titan 26813 | -3/Section 7 | Found Integrity Redistributor 27025 | -3/Section 7 | Found Spacefold Activator 27127 | -3/Section 7 | Found Integrated Mediator 27127 | -3/Section 7 | Installed Integrated Mediator, increased core attachment efficiency 27149 | -3/Section 7 | Spotted S7 Guard 27170 | -3/Section 7 | Destroyed S7 Guard 27178 | -3/Section 7 | Found Core Membrane 27178 | -3/Section 7 | Installed Core Membrane, gained immunity to corruption 27191 | -3/Section 7 | Found Corrupted Prototype Protection 27432 | -3/Section 7 | Build established: Alien-Tank 27515 | -3/Section 7 | Found Exp. Terrain Scan Processor 27558 | -3/Section 7 | Identified Hvy. Regenerative Plating 27584 | -3/Section 7 | Discovered exit to Research (range 13) 27617 | -3/Section 7 | Initialized slip node 27728 | -3/Section 7 | Spotted Executioner 27728 | -3/Section 7 | Spotted Executioner 27776 | -3/Section 7 | Destroyed Executioner 27779 | -3/Section 7 | Destroyed Executioner 27784 | -3/Section 7 | Found Corrupted Prototype Device 27784 | -3/Section 7 | Identified Adv. Kinecellerator 28006 | -3/Section 7 | Spotted Striker 28006 | -3/Section 7 | Spotted Striker 28012 | -3/Section 7 | Destroyed Striker 28018 | -3/Section 7 | Destroyed Striker 28021 | -3/Section 7 | Spotted Striker 28022 | -3/Section 7 | Spotted Striker 28032 | -3/Section 7 | Destroyed Striker 28037 | -3/Section 7 | Destroyed Striker 28053 | -3/Section 7 | Found Sigix Shearcannon 28396 | -3/Section 7 | Spotted B-99 Colossus 28419 | -3/Section 7 | Destroyed B-99 Colossus 28480 | -3/Section 7 | Found Core Reset Matrix 28482 | -3/Section 7 | Sensed 19 artifacts in vicinity 28531 | -3/Section 7 | Found LRC Insulator 28531 | -3/Section 7 | Installed LRC Insulator, 1 resistance modified: EM +25% 28547 | -3/Section 7 | Found LRC Armor 28547 | -3/Section 7 | Installed LRC Armor, increased core integrity (+250) 28550 | -3/Section 7 | Found LRC Storage 28550 | -3/Section 7 | Installed LRC Storage, increased inventory capacity (+2) 28607 | -3/Section 7 | Found Integrated Reactor 28607 | -3/Section 7 | Installed Integrated Reactor, increased core energy generation (+10) 28610 | -3/Section 7 | Warped through subspace to slip node 28610 | -3/Section 7 | Discovered exit to Research (range 1) 28637 | -3/Section 7 | Found Prototype Processor 28639 | -3/Section 7 | Found Prototype Processor 28739 | -3/Section 7 | Spotted S7 Guard 28767 | -3/Section 7 | Destroyed S7 Guard 28795 | -3/Section 7 | Found Corrupted Hvy. Regenerative Plating 28804 | -3/Section 7 | Identified Exp. Terrain Scan Processor 28813 | -3/Section 7 | Found Core Physics Calibrator 28974 | -3/Section 7 | Spotted S7 Guard 28984 | -3/Section 7 | Destroyed S7 Guard 29016 | -3/Section 7 | Found Integrated Thermoelectric Network 29016 | -3/Section 7 | Installed Integrated Thermoelectric Network, gained heat-energy exchange potential 29065 | -3/Section 7 | Entered Research 29065 | -2/Research | Warlord forces began assault on 0b10 29065 | -2/Research | Evolved 2 slots (calibrated): Utility x3, -Weapon x1 29175 | -2/Research | Research machine network offline 29202 | -2/Research | Found Unknown Launcher 29208 | -2/Research | Identified Fusion Bomb Launcher 29377 | -2/Research | Build established: Alien-Skirmisher 29464 | -2/Research | Discovered new exit (range 30) 29468 | -2/Research | Borebot progress halted 29501 | -2/Research | Borebot progress halted 29662 | -2/Research | Borebot progress halted 29808 | -2/Research | Lost 3 allies 29809 | -2/Research | Found Corrupted Prototype Processor 29821 | -2/Research | Identified Exp. Core Analyzer 29913 | -2/Research | Spotted Executioner 29944 | -2/Research | Found Corrupted Prototype Processor 29957 | -2/Research | Identified Exp. Targeting Computer 29958 | -2/Research | Found Exp. Core Analyzer 29966 | -2/Research | Spotted Striker 30008 | -2/Research | Spotted Executioner 30009 | -2/Research | Spotted Executioner 30017 | -2/Research | Destroyed Executioner 30020 | -2/Research | Destroyed Executioner 30024 | -2/Research | Lost 6 allies 30064 | -2/Research | Met DD-05H 30101 | -2/Research | Identified exit to Testing 30112 | -2/Research | Met up with Warlord 30114 | -2/Research | Warlord invited to help at Command 30114 | -2/Research | Given Cave Seal Controls access code 30130 | -2/Research | Entered Testing 30231 | -2/Testing | Found Prototype Energy Gun 30231 | -2/Testing | Identified Warp Gun 30268 | -2/Testing | Found Prototype Launcher 30278 | -2/Testing | Identified Smartbomb Launcher 30397 | -2/Testing | Found Prototype Energy Gun 30397 | -2/Testing | Identified Hyp. EM Gauss Rifle 30686 | -2/Testing | Found Prototype Energy Cannon 30693 | -2/Testing | Identified Potential Cannon 30712 | -2/Testing | Discovered new exit (range 26) 30720 | -2/Testing | Found Prototype Device 30720 | -2/Testing | Identified Exp. Hardlight Generator 30753 | -2/Testing | Unchained authorized (DW-4LL) 30905 | -2/Testing | Identified exit to Access 30908 | -2/Testing | Spotted PX-2BBPSK7LVP 30911 | -2/Testing | Entered Access 30911 | -1/Access | Evolved 2 slots: Utility x2 31047 | -1/Access | Discovered new exit (range 30) 32244 | -1/Access | Unchained authorized (DW-4LL) 32281 | -1/Access | Destroyed 8 combat bots 32558 | -1/Access | Discovered new exit (range 30) 32767 | -1/Access | Identified exit to Command 32768 | -1/Access | Entered Command 32783 | -1/Command | Found Quantum Capacitor 32948 | -1/Command | Build established: Alien-Mutant 33017 | -1/Command | Spotted B-99 Colossus 33540 | -1/Command | Spotted Combat Programmer 33540 | -1/Command | Spotted Combat Programmer 33585 | -1/Command | Destroyed Combat Programmer 33587 | -1/Command | Destroyed Combat Programmer 33594 | -1/Command | Spotted M Guard 33594 | -1/Command | Spotted M Guard 33603 | -1/Command | Destroyed M Guard 33610 | -1/Command | Destroyed M Guard 33610 | -1/Command | All MAIN.C guards destroyed 33664 | -1/Command | Destroyed B-99 Colossus 33680 | -1/Command | Found Corrupted Prototype Device 33680 | -1/Command | Identified AEGIS Remote Shield 33695 | -1/Command | Found Corrupted AEGIS Remote Shield 33717 | -1/Command | Found Corrupted Prototype Reactor 34043 | -1/Command | Met MAIN.C 34060 | -1/Command | 0b10 Conduit disabled 34070 | -1/Command | Destroyed MAIN.C Shell 34071 | -1/Command | MAIN.C activated Command garrisons 34085 | -1/Command | Destroyed MAIN.C 34096 | -1/Command | Identified Zero-point Reactor 34096 | -1/Command | Discovered new exit (range 30) 34096 | -1/Command | Discovered new exit (range 104) 34096 | -1/Command | Extracted map data and part IDs from MAIN.C's data core 34100 | -1/Command | Found Omega Cannon 34256 | -1/Command | Found Zero-point Reactor 34259 | -1/Command | Found Zero-point Reactor 34267 | -1/Command | Found Exp. Focal Shield 34273 | -1/Command | Found Adv. Particle Accelerator 34282 | -1/Command | Found Multirail 36342 | -1/Command | Phase Generator disabled 38570 | -1/Command | Found Quantum Capacitor 39210 | -1/Command | Used Subatomic Replicator to replicate Integrity Redistributor 39222 | -1/Command | Warped through subspace to slip node 39222 | -1/Command | Discovered new exit (range 5) 39258 | -1/Command | Entered Access_0 39259 | -1/Access_0 | Sensed 3 artifacts in vicinity 39259 | -1/Access_0 | Met Architect 39260 | -1/Access_0 | Architect warped through subspace 39298 | -1/Access_0 | Destroyed A8 39320 | -1/Access_0 | Architect warped through subspace 39360 | -1/Access_0 | Architect warped through subspace 39392 | -1/Access_0 | Architect warped through subspace 39435 | -1/Access_0 | Architect warped through subspace 39452 | -1/Access_0 | Used Integrity Redistributor, redistributed integrity from core (-217) 39491 | -1/Access_0 | Subspace Access Node disabled 39505 | -1/Access_0 | Architect warped through subspace 39530 | -1/Access_0 | A6 warped into view 39535 | -1/Access_0 | Destroyed A6 39549 | -1/Access_0 | Architect warped through subspace 39577 | -1/Access_0 | Architect warped through subspace 39597 | -1/Access_0 | Subspace Access Node disabled 39635 | -1/Access_0 | Architect warped through subspace 39691 | -1/Access_0 | Architect warped through subspace 39746 | -1/Access_0 | Architect warped through subspace 39750 | -1/Access_0 | Destroyed A2 39754 | -1/Access_0 | Extracted Singularity Gate Test 138-C access codes from A2's data core 39796 | -1/Access_0 | Architect warped through subspace 39852 | -1/Access_0 | Architect warped through subspace 39859 | -1/Access_0 | Core integrity fell below 50% 39909 | -1/Access_0 | Architect warped through subspace 39916 | -1/Access_0 | A5 warped into view 39936 | -1/Access_0 | Destroyed A5 39963 | -1/Access_0 | Singularity Gate disabled 39964 | -1/Access_0 | Architect warped through subspace 39989 | -1/Access_0 | Found Exp. Weapon Cycler 40008 | -1/Access_0 | Architect warped through subspace 40060 | -1/Access_0 | Architect warped through subspace 40093 | -1/Access_0 | Architect warped through subspace 40126 | -1/Access_0 | Architect warped through subspace 40156 | -1/Access_0 | Architect warped through subspace 40202 | -1/Access_0 | Architect warped through subspace 40235 | -1/Access_0 | Architect warped through subspace 40255 | -1/Access_0 | Architect warped through subspace 40290 | -1/Access_0 | A4 warped into view 40318 | -1/Access_0 | Architect warped through subspace 40338 | -1/Access_0 | Destroyed A4 40366 | -1/Access_0 | Architect warped through subspace 40384 | -1/Access_0 | Core integrity fell below 20% 40408 | -1/Access_0 | Subspace Access Node disabled 40409 | -1/Access_0 | Destroyed by Architect with Modified Sigix Sheargun Last Messages --------------- 40377_ Dropped Graphene Brace. 40378_ Penetrated by Quantum Shear. 40378_ Dropped Exp. Focal Shield. 40380_ Sigix Shearcannon destroyed. 40380_ Penetrated by Quantum Shear. 40380_ Exp. Coolant Injector severed. 40380_ Penetrated by Quantum Shear. 40383_ Quantum Shear penetrates Wall. 40384_ Dropped Weapon Mount. 40385_ Quantum Shear penetrates Wall. 40386_ Acquired Corrupted Neutron Cannon. 40387_ Penetrated by Quantum Shear. 40390_ Quantum Shear penetrates Wall. 40395_ Penetrated by Quantum Shear. 40403_ Faulty integration effect averted by Integrated Mediator. 40405_ Penetrated by Quantum Shear. 40405_ Quantum Shear penetrates Wall. 40405_ Penetrated by Quantum Shear. 40408_ Subspace Access Node disabled. 40409_ Penetrated by Quantum Shear. Map ----- +----------------------------------------------------+ | ]!!!!" !%! ! ! ## #???????????????????? | | ""!]!""" %= ]%]%! ? ###?????????????????? | | #" ! !!" ! ? ????????????????????? | | #" "" "#"" "" " "###? ?? ??####????????????????? | | # " """ "##### ???????????????????????? | | "# "# ####### #?##?#????????????????? | | "# #?##?## ????#?????????????????? | | # #" ## ###"####### ###???????????????????? | | ## #" ## ###"####### #??##?????????????????? | | ## # #""### ####??? ??????????????????????? | | ## ###### #### ###### ??#???????????????????? | | ## ##### ###?#? #?????????????????????? | | ####### #?### ###### ##????????????????????? | | ####### ##### ####?# ##????????????????????? | | ### #?## ###?## #?###" ?????????????????????? | | ## ?#### #??#### ###? "" ?????????????????????? | | ? ## ####?## ### ? "" ?????????????????????? | | ? ?# ###?### #??##" "?????????????????????? | | ? # ##?##?# #????# #?????????????????????? | | # #?##??# #?#?## ##????????????????????? | | #?### ?##???# ###?## ;?##??????????????????? | | ?##### ####### ##?# ;# #??????????????????? | | # #####?? ?###?###" #??# # #???????????????????? | | ?###?#### ?##???### #### ;#????????????????????? | | ###? ? ###?### ##; #?????????????????????? | | ### #?#?#?????# ##;@ #?????????????????????? | | #?# ####?#?#?## 0 #?????????????????????? | | ##??? ??######??# ##?????????????????????? | | ? ? ?##?????# ##??????????????????????? | | ??? ??????????# ##???????????????????????? | | ????????????????# ##????????????????????????? | | ??????????????? #?????????????????????????? | | ??????????????## #?????????????????????????? | | ???????????????## ?????????????????????????? | | ????????????????## ?????????????????????????? | | ?????????????????### ?????????????????????????? | | ???????????????????## ?????????????????????????? | | ????????????????????## ????????????????????????? | | ?????????????????????## #????????????????????????? | | ???????????????????????##????????????????????????? | | ?????????????????????????????????????????????????? | | ?????????????????????????????????????????????????? | | ?????????????????????????????????????????????????? | | ?????????????????????????????????????????????????? | | ?????????????????????????????????????????????????? | | ?????????????????????????????????????????????????? | | ?????????????????????????????????????????????????? | | ?????????????????????????????????????????????????? | | ?????????????????????????????????????????????????? | | | +----------------------------------------------------+ Best States ------------- Heat Dissipation 110 Coolant Potential 120 Energy Generation 105 Energy Capacity 1900 Matter Stores 300 Matter Capacity 300 Sight Range 22 Robot Scan Range 20 Terrain Scan Range 30 Terrain Scan Density 1010 Cloak Strength 3 Power Amplification 80 Armor Coverage 1600 Resistance: KI 30 Resistance: TH 50 Resistance: EX 50 Resistance: EM 100 Utility Shielding 66 Weapon Shielding 90 Point Defense Rating 240 Weapon Cycling 20 Evasion (%) 59 Targeting Accuracy 20 Core Analysis 8 Armor Integrity Analysis 40 Recoil Reduction 6 Energy Filtering 75 Particle Charging 50 Offensive Hacking 60 Defensive Hacking 12 Authchip Count 2 Item Schematics ----------------- Enh. Gamma Bomb Array | -2/Testing | Archive Hvy. Hardcell Cannon | -2/Testing | Archive Com. Particle Reactor | -2/Testing | Archive Graviton Cannon | -2/Testing | Archive Gui. Micro-nuke Launcher | -2/Testing | Archive Prc. Phase Gun | -2/Testing | Archive Robot Schematics ------------------ K-01 Serf | -2/Testing | Archive C-65 Expert | -2/Testing | Archive R-10 Processor | -2/Testing | Archive Fabricated ------------ Lrn. Sensor Array | x2 | -5/Factory | Authchip Weapon Mount | x2 | -4/Factory | Authchip Prc. Energy Filter | x1 | -4/Factory | Authchip Exp. Sensor Array | x1 | -4/Factory | Authchip Exp. Terrain Scanner | x1 | -4/Factory | Authchip Exp. Terrain Scan Processor | x1 | -4/Factory Adv. EM Shield | x1 | -4/Factory | Authchip Quantum Capacitor | x2 | -4/Factory Repaired ---------- Reactive Plating | 18% | -8/Storage Neutron Missile Launcher | 15% | -5/Factory Gravmag Array | 35% | -5/Factory Cld. Fission Core | 36% | -4/Factory Studied --------- Gamma Bomb Array | -2/Research | Hacked Alien Tech Used ----------------- Integrated Dissipator Core Reset Matrix Core Stripper Integrated Mediator Core Membrane Dimensional Node Initializer Sigix Shearcannon LRC Insulator LRC Armor LRC Storage Integrated Reactor Transdimensional Reconstructor Integrated Thermoelectric Network Core Physics Calibrator Spacefold Activator Subatomic Replicator Integrity Redistributor Achievements -------------- Artifact Hunter Strength In Numbers Superinsulated Challenges ------------ None Game ------ Seed LaunchIonDeconstructor Manual? 0 Play Time 09:10:48 Cumulative 654.8 hours Start 2026.09.22 @ 12:29:53 End 2026.09.24 @ 02:54:15 Sessions 5 Manual Loads 0 Difficulty Rogue Special Mode None Game No. 277 Rogue 277 Adventurer 0 Explorer 0 Win Type - Total 13 Types 9/0/3/0/0/0/1/0/0/0 Lore% 82 Gallery% 75 Achievement% 56 Wizard Run 0 Options --------- Layout 0 ASCII 0 Keyboard 1 Movement Vi Keybinds 0 Fullscreen 2 Font 18/SmallcapsGlow Map View 76x50 Zoom Use 0% Tactical HUD 1 Map Filters NONE Filters NONE Steam 1 RUN: f7ff5012-9eaa-42c3-87ac-c61e5ecfc4c3